Workbook

Sheet paramètres
A1: =MID(CELL("filename",Sommaire!G14),FIND("[",CELL("filename",Sommaire!G14)),SUM(FIND({"[";"]"},CELL("filename",Sommaire!G14))*{-1;1})+1) -> [programmation de la maintenance.xlsx]
A2: Plaques_en_fibro_ciment | B2: B4 | E2: Concerné | H2: Niveau d'intervention : | J2: Pour mémoire
A3: Plaques_en_acier_ou_alu | B3: B4 | E3: Non concerné | J3: suggérée
A4: couverture_zinc_ou_cuivre | B4: B4 | J4: recommandée
A5: Plaques_translucides | B5: B4 | J5: obligatoire
A6: =MID(CELL("filename",Sommaire!I17),FIND("[",CELL("filename",Sommaire!I17)),SUM(FIND({"[";"]"},CELL("filename",Sommaire!I17))*{-1;1})+1) -> [programmation de la maintenance.xlsx]
A7: fenêtre_de_toit | B7: B4
A8: Verrière | B8: B4
A9: =MID(CELL("filename",Sommaire!I18),FIND("[",CELL("filename",Sommaire!I18)),SUM(FIND({"[";"]"},CELL("filename",Sommaire!I18))*{-1;1})+1) -> [programmation de la maintenance.xlsx]
A10: Toiture_terrasse | B10: B4
A11: Toiture_terrasse_végétalisée | B11: B4
A12: =MID(CELL("filename",Sommaire!I19),FIND("[",CELL("filename",Sommaire!I19)),SUM(FIND({"[";"]"},CELL("filename",Sommaire!I19))*{-1;1})+1) -> [programmation de la maintenance.xlsx]
A13: Garde_corps | B13: B4
A14: Ligne_de_vie | B14: B4
A15: =MID(CELL("filename",Sommaire!I20),FIND("[",CELL("filename",Sommaire!I20)),SUM(FIND({"[";"]"},CELL("filename",Sommaire!I20))*{-1;1})+1) -> [programmation de la maintenance.xlsx]
A16: maçonnée | B16: B4
A17: en_pierres_ou_briques | B17: B4
A18: façade_béton_armé | B18: B4
A20: =MID(CELL("filename",Sommaire!I22),FIND("[",CELL("filename",Sommaire!I22)),SUM(FIND({"[";"]"},CELL("filename",Sommaire!I22))*{-1;1})+1) -> [programmation de la maintenance.xlsx]
A21: façade_légère | B21: B4
A22: bardage_métallique | B22: B4
A23: bois | B23: B4
A24: bardage_PVC | B24: B4
A26: RESERVE
A30: =MID(CELL("filename",Sommaire!I25),FIND("[",CELL("filename",Sommaire!I25)),SUM(FIND({"[";"]"},CELL("filename",Sommaire!I25))*{-1;1})+1) -> [programmation de la maintenance.xlsx]
A31: automatique_et_semie_auto | B31: B4
A32: manuels | B32: B4
A33: =MID(CELL("filename",Sommaire!I26),FIND("[",CELL("filename",Sommaire!I26)),SUM(FIND({"[";"]"},CELL("filename",Sommaire!I26))*{-1;1})+1) -> [programmation de la maintenance.xlsx]
A34: portes_en_verre | B34: B4
A35: pivot_de_sol | B35: B4
A37: =MID(CELL("filename",Sommaire!I27),FIND("[",CELL("filename",Sommaire!I27)),SUM(FIND({"[";"]"},CELL("filename",Sommaire!I27))*{-1;1})+1) -> [programmation de la maintenance.xlsx]
A38: volet_persienne_pare_soleil | B38: B4
A39: store | B39: B4
A41: =MID(CELL("filename",Sommaire!I28),FIND("[",CELL("filename",Sommaire!I28)),SUM(FIND({"[";"]"},CELL("filename",Sommaire!I28))*{-1;1})+1) -> [programmation de la maintenance.xlsx]
A42: plaques_de_plâtre | B42: B4
A43: carreau_ou_brique_de_plâtre | B43: B4
A44: cloison_amovible | B44: B4
A46: =MID(CELL("filename",Sommaire!I29),FIND("[",CELL("filename",Sommaire!I29)),SUM(FIND({"[";"]"},CELL("filename",Sommaire!I29))*{-1;1})+1) -> [programmation de la maintenance.xlsx]
A47: plafond_suspendu | B47: B4
A48: plafond_béton_brut | B48: B4
A49: plafond_plaques_de_plâtre | B49: B4
A51: =MID(CELL("filename",Sommaire!I30),FIND("[",CELL("filename",Sommaire!I30)),SUM(FIND({"[";"]"},CELL("filename",Sommaire!I30))*{-1;1})+1) -> [programmation de la maintenance.xlsx]
A52: carrelage | B52: B4
A53: faïence | B53: B4
A54: =MID(CELL("filename",Sommaire!I31),FIND("[",CELL("filename",Sommaire!I31)),SUM(FIND({"[";"]"},CELL("filename",Sommaire!I31))*{-1;1})+1) -> [programmation de la maintenance.xlsx]
A55: parquet_massif | B55: B4
A56: parquet_contre_collé | B56: B4
A57: stratifié | B57: B4
A58: PVC | B58: B4
A59: tapis_et_moquette | B59: B4
A61: =MID(CELL("filename",Sommaire!I32),FIND("[",CELL("filename",Sommaire!I32)),SUM(FIND({"[";"]"},CELL("filename",Sommaire!I32))*{-1;1})+1) -> [programmation de la maintenance.xlsx]
A62: tous_style_de_portes | B62: B4
A63: porte_coupe_feu | B63: B4
A65: =MID(CELL("filename",Sommaire!I35),FIND("[",CELL("filename",Sommaire!I35)),SUM(FIND({"[";"]"},CELL("filename",Sommaire!I35))*{-1;1})+1) -> [programmation de la maintenance.xlsx]
A66: escalier_bois | B66: B4
A67: escalier_métallique | B67: B4
A68: escalier_en_béton | B68: B4
A69: escalier_en_pierre | B69: B4
A71: =MID(CELL("filename",Sommaire!I36),FIND("[",CELL("filename",Sommaire!I36)),SUM(FIND({"[";"]"},CELL("filename",Sommaire!I36))*{-1;1})+1) -> [programmation de la maintenance.xlsx]
A72: fuel | B72: B4
A73: alimentation_gaz | B73: B4
A74: chaudières | B74: B4
A75: conduits_de_fumée | B75: B4
A76: régulation | B76: B4
A77: radiant_gaz | B77: B4
A79: =MID(CELL("filename",Sommaire!I37),FIND("[",CELL("filename",Sommaire!I37)),SUM(FIND({"[";"]"},CELL("filename",Sommaire!I37))*{-1;1})+1) -> [programmation de la maintenance.xlsx]
A80: réseau | B80: B4
A81: vanne | B81: B4
A82: pompe_de_circulation | B82: B4
A83: disconnecteur | B83: B4
A84: groupe_maintien_pression | B84: B4
A85: soupape_pression_différentielle | B85: B4
A86: vase_expansion | B86: B4
A87: radiateur | B87: B4
A88: plancher_et_plafond_chauffant | B88: B4
A89: convecteur_éléctrique | B89: B4
A90: ventilo_convecteur | B90: B4
A91: aérothérme_eau_chaude | B91: B4
A93: =MID(CELL("filename",Sommaire!I38),FIND("[",CELL("filename",Sommaire!I38)),SUM(FIND({"[";"]"},CELL("filename",Sommaire!I38))*{-1;1})+1) -> [programmation de la maintenance.xlsx]
A94: VMC_simple_flux | B94: B4
A95: VMC_double_flux | B95: B4
A96: VMC_gaz | B96: B4
A98: =MID(CELL("filename",Sommaire!I39),FIND("[",CELL("filename",Sommaire!I39)),SUM(FIND({"[";"]"},CELL("filename",Sommaire!I39))*{-1;1})+1) -> [programmation de la maintenance.xlsx]
A99: groupe_froid | B99: B4
A100: PAC | B100: B4
A101: tour_de_refroidissement | B101: B4
A102: CTA | B102: B4
A103: split | B103: B4
A105: =MID(CELL("filename",Sommaire!I40),FIND("[",CELL("filename",Sommaire!I40)),SUM(FIND({"[";"]"},CELL("filename",Sommaire!I40))*{-1;1})+1) -> [programmation de la maintenance.xlsx]
A106: réseau_aéraulique | B106: B4
A107: cassette | B107: B4
A109: =MID(CELL("filename",Sommaire!I41),FIND("[",CELL("filename",Sommaire!I41)),SUM(FIND({"[";"]"},CELL("filename",Sommaire!I41))*{-1;1})+1) -> [programmation de la maintenance.xlsx]
A110: réseau_eau_froide | B110: B4
A111: protection_contre_retour_d'eau | B111: B4
A112: limiteur_de_pression | B112: B4
A113: surpresseur | B113: B4
A114: vannes | B114: B4
A115: robinetterie | B115: B4
A116: adoucisseur | B116: B4
A117: chasse_d'eau | B117: B4
...

Sheet Sommaire
B2: PROGRAMMATION DE LA MAINTENANCE
B4: Nom de l'affaire : | M4: Maitre d'ouvrage :
A5: SOMMAIRE
B7: REFERENTIEL DES TACHES A EFFECTUER | J7: ESTIMATION DES COUTS OPERATIONS DE MAINTENANCE
K8: ESTIMATION
K9: SUIVI DES COUTS
J11: REFERENTIEL DES ENTREPRISES, CONTRATS ET PLANNINGS
B13: DOMAINE | C13: LOTS | D13: OUVRAGES SPECIFIQUES | E13: ELEMENTS | F13: CONCERNE/ NON CONCERNE | G13: IMPORTANCE
B14: GROS ŒUVRE, STRUCTURES | C14: INFRASCTRUCTURE ET STRUCTURE MACONNEE | F14: Concerné
B15: CLOS COUVERT | C15: CHARPENTE | D15: Charpente metallique | E15: charpente_metallique | F15: Concerné | H15: aller à ...
C16: COUVERTURE | D16: Couverture en grands éléments | E16: Plaques_en_acier_ou_alu | F16: Non concerné | H16: =HYPERLINK(paramètres!A1&E16&"!"&VLOOKUP(E16,paramètres!$A$2:$B$5,2,9),"aller à …") -> aller à …
D17: Verrière et ouvrant de toiture | E17: fenêtre_de_toit | F17: Concerné | H17: =HYPERLINK(paramètres!A6&E17&"!"&VLOOKUP(E17,paramètres!$A$7:$B$8,2,9),"aller à …") -> aller à …
D18: Toiture-terrasse | E18: Toiture_terrasse | F18: Non concerné | H18: =HYPERLINK(paramètres!A9&E18&"!"&VLOOKUP(E18,paramètres!$A$10:$B$11,2,9),"aller à …") -> aller à …
D19: Equipement de sécurité | E19: Garde_corps | F19: Non concerné | H19: =HYPERLINK(paramètres!A12&E19&"!"&VLOOKUP(E19,paramètres!$A$13:$B$14,2,9),"aller à …") -> aller à …
C20: FACADES | D20: Façade | E20: maçonnée | F20: Non concerné | H20: =HYPERLINK(paramètres!A15&E20&"!"&VLOOKUP(E20,paramètres!$A$16:$B$18,2,9),"aller à …") -> aller à …
D21: Mur-rideau | E21: mur_rideau | F21: Non concerné | H21: aller à ...
D22: Revêtement de façade | E22: bois | F22: Non concerné | H22: =HYPERLINK(paramètres!A20&E22&"!"&VLOOKUP(E22,paramètres!$A$21:$B$24,2,9),"aller à …") -> aller à …
D23: Balcon maçonné | E23: balcon_maçonné | F23: Non concerné | H23: aller à ...
C24: MENUISERIES EXTERIEURES | D24: Porte et fenêtre | F24: Non concerné
D25: Porte et portail | E25: automatique_et_semie_auto | F25: Non concerné | H25: =HYPERLINK(paramètres!A30&E25&"!"&VLOOKUP(E25,paramètres!$A$31:$B$32,2,9),"aller à …") -> aller à …
D26: Miroiterie | E26: pivot_de_sol | F26: Non concerné | H26: =HYPERLINK(paramètres!A33&E26&"!"&VLOOKUP(E26,paramètres!$A$34:$B$36,2,9),"aller à …") -> aller à …
D27: Occultation | E27: store | F27: Non concerné | H27: =HYPERLINK(paramètres!A37&E27&"!"&VLOOKUP(E27,paramètres!$A$38:$B$40,2,9),"aller à …") -> aller à …
B28: SECOND ŒUVRE | C28: CLOISONS | D28: Cloison, cloison mobile, plaque de plâtre… | E28: cloison_amovible | F28: Non concerné | H28: =HYPERLINK(paramètres!A41&E28&"!"&VLOOKUP(E28,paramètres!$A$42:$B$44,2,9),"aller à …") -> aller à …
C29: PLAFONDS | D29: Plafond suspendu, brut de béton, plaque de plâtre | E29: plafond_suspendu | F29: Non concerné | H29: =HYPERLINK(paramètres!A46&E29&"!"&VLOOKUP(E29,paramètres!$A$47:$B$49,2,9),"aller à …") -> aller à …
C30: REVETEMENTS MUR ET SOL | D30: Carrelage et faïence | E30: carrelage | F30: Non concerné | H30: =HYPERLINK(paramètres!A51&E30&"!"&VLOOKUP(E30,paramètres!$A$52:$B$53,2,9),"aller à …") -> aller à …
D31: Revêtements de sol souple | E31: tapis_et_moquette | F31: Non concerné | H31: =HYPERLINK(paramètres!A54&E31&"!"&VLOOKUP(E31,paramètres!$A$55:$B$59,2,9),"aller à …") -> aller à …
C32: MENUISERIES INTERIEURES | D32: Portes | E32: porte_coupe_feu | F32: Non concerné | H32: =HYPERLINK(paramètres!A61&E32&"!"&VLOOKUP(E32,paramètres!$A$62:$B$64,2,9),"aller à …") -> aller à …
B33: INSTALLATION TECHNIQUE | C33: SERRURERIE - METALLERIE | D33: Garde-corps et barreaudage | E33: Garde-corps et barreaudage | F33: Non concerné | H33: aller à ...
D34: Echelle à crinoline | E34: echelle à crinoline | F34: Non concerné | H34: aller à ...
D35: Escaliers | E35: escalier_en_pierre | F35: Non concerné | H35: =HYPERLINK(paramètres!A65&E35&"!"&VLOOKUP(E35,paramètres!$A$66:$B$69,2,9),"aller à …") -> aller à …
C36: CHAUFFAGE, VENTILATION ET CLIMATISATION | D36: Production de chaleur | E36: régulation | F36: Non concerné | H36: =HYPERLINK(paramètres!A71&E36&"!"&VLOOKUP(vanne!C6,paramètres!$A$72:$B$78,2,9),"aller à …") -> aller à …
D37: Distribution de chaleur | E37: réseau | F37: Non concerné | H37: =HYPERLINK(paramètres!A79&E37&"!"&VLOOKUP(E37,paramètres!$A$80:$B$91,2,0),"aller à …") -> aller à …
D38: VMC | E38: VMC_simple_flux | F38: Non concerné | H38: =HYPERLINK(paramètres!A93&E38&"!"&VLOOKUP(E38,paramètres!$A$94:$B$96,2,0),"aller à …") -> aller à …
D39: Production de froid | E39: groupe_froid | F39: Non concerné | H39: =HYPERLINK(paramètres!A98&E39&"!"&VLOOKUP(E39,paramètres!$A$99:$B$103,2,0),"aller à …") -> aller à …
D40: Distribution de froid | E40: réseau_aéraulique | F40: Non concerné | H40: =HYPERLINK(paramètres!A105&E40&"!"&VLOOKUP(E40,paramètres!$A$106:$B$107,2,0),"aller à …") -> aller à …
C41: PLOMBERIE | D41: Réseau de distribution d'eau sanitaire | E41: appareil_sanitaires | F41: Non concerné | H41: =HYPERLINK(paramètres!A109&E41&"!"&VLOOKUP(E41,paramètres!$A$110:$B$119,2,0),"aller à …") -> aller à …
D42: Eau chaude sanitaire | E42: réseau_ECS | F42: Non concerné | H42: =HYPERLINK(paramètres!A121&E42&"!"&VLOOKUP(E42,paramètres!$A$122:$B$127,2,0),"aller à …") -> aller à …
D43: Réseau d'évacuation | E43: pompe_de_relevage | F43: Non concerné | H43: =HYPERLINK(paramètres!A129&E43&"!"&VLOOKUP(E43,paramètres!$A$130:$B$131,2,0),"aller à …") -> aller à …
C44: ELECTRICITE | D44: Courant fort | E44: luminaires | F44: Non concerné | H44: =HYPERLINK(paramètres!A133&E44&"!"&VLOOKUP(E44,paramètres!$A$134:$B$140,2,0),"aller à …") -> aller à …
D45: Courant faible : informatique et téléphonie | E45: terminal | F45: Non concerné | H45: =HYPERLINK(paramètres!A141&E45&"!"&VLOOKUP(E45,paramètres!$A$142:$B$145,2,0),"aller à …") -> aller à …
D46: Courant faible : Gestion technique centralisée GTC/ Gestion technique de bâtiment GTB | E46: GTC_GTB | F46: Non concerné | H46: aller à ...
D47: Courant faible : Contrôle d'accès | E47: lecteurs | F47: Non concerné | H47: =HYPERLINK(paramètres!A147&E47&"!"&VLOOKUP(E47,paramètres!$A$148:$B$150,2,0),"aller à …") -> aller à …
D48: Courant faible : Vidéoprotection | E48: moniteurs | F48: Non concerné | H48: =HYPERLINK(paramètres!A152&E48&"!"&VLOOKUP(E48,paramètres!$A$153:$B$156,2,0),"aller à …") -> aller à …
D49: Courant faible : détection d'intrusion | E49: système_liaison_radio | F49: Non concerné | H49: =HYPERLINK(paramètres!A158&E49&"!"&VLOOKUP(E49,paramètres!$A$159:$B$166,2,0),"aller à …") -> aller à …
C50: LEVAGE | D50: Ascenseur | E50: ascenseur | F50: Non concerné | G50: Obligatoire | H50: aller à ...
D51: Elévateurs pour personnes à mobilité réduite (EPMR) | E51: élévateurs | F51: Non concerné | H51: aller à ...
D52: Nacelle de facade | E52: nacelle | F52: Non concerné | H52: aller à ...
D53: Monte-charge | E53: monte_charge | F53: Non concerné | H53: aller à ...
D54: Escalator et tapis roulant | E54: escalator_et_tapis_roulant | F54: Non concerné | H54: aller à ...
C55: SECURITE INCENDIE | D55: Désenfumage | E55: système_de_désenfumage_naturel | F55: Non concerné | H55: =HYPERLINK(paramètres!A168&E55&"!"&VLOOKUP(E55,paramètres!$A$169:$B$170,2,0),"aller à …") -> aller à …
D56: Eclairage de sécurité par blocs autonomes | E56: BAES | F56: Non concerné | H56: aller à ...
D57: Moyens de secours | E57: extincteur_pression_permanente | F57: Non concerné | H57: =HYPERLINK(paramètres!A172&E57&"!"&VLOOKUP(E57,paramètres!$A$173:$B$175,2,0),"aller à …") -> aller à …

Sheet charpente_metallique
B2: PROGRAMMATION DE LA MAINTENANCE
B4: Nom de l'affaire : | L4: Maitre d'ouvrage :
A5: TACHES A EFFECTUER
B8: SOMMAIRE
B10: Charpente métallique
B11: durée de vie : 100 ans
B12: Eléments | C12: Type d'entretien | E12: Actions a réaliser | F12: Plannification | H12: Niveau d'intervention | I12: Acteurs | J12: Traçabilité | K12: Références | L12: Observations
C13: Visite de contrôle | D13: Entretien préventif | F13: Fréquence | G13: Periode
B14: Charpente metallique | C14: X | E14: Vérification des assemblages Surveiller la corrosion Vérifier l'absence de déformtion Vérifier l'absence de fuite en toiture | F14: Annuelle | H14: suggérée | I14: technicien | J14: Carnet de traçabilité | K14: Norme NF DTU 32-1 Norme NF P22-202-2
D15: X | E15: Appliquer une peinture antirouille dès l'apparition de trace d'oxydation | G15: selon besoin | H15: suggérée | I15: technicien | L15: Attention à la compatibilité des peintures
B16: Boulonnerie | D16: X | E16: Vérifier et resserrer | F16: Au minimum tous les 5 ans | G16: Après de fortes tempêtes | H16: recommandée | I16: technicien

Sheet Plaques_en_fibro_ciment
B2: PROGRAMMATION DE LA MAINTENANCE
B4: Nom de l'affaire : | L4: Maitre d'ouvrage :
A5: TACHES A EFFECTUER
B8: SOMMAIRE
B10: Plaques ondulées en fibro-ciment
B11: durée de vie : 30 à 40 ans
B12: Eléments | C12: Type d'entretien | E12: Actions a réaliser | F12: Plannification | H12: Niveau d'intervention | I12: Acteurs | J12: Traçabilité | K12: Références | L12: Observations
C13: Visite de contrôle | D13: Entretien préventif | F13: Fréquence | G13: Periode
B14: Surface de la toiture | D14: X | E14: nettoyage et démoussage | F14: Annuelle | H14: recommandée | I14: technicien | J14: Carnet de santé | K14: Recommandation CNAMTS R343 | L14: Risque de présence d'amiante si la construction est antérieure au 1er juillet 1997
C15: X | E15: Vérifier la planitude | F15: 2 ans | H15: Pour mémoire | I15: technicien | L15: absence d'affaissement
B16: Faitieres et bandes de rives | C16: X | E16: Vérifier la bonne fixation | F16: 2 ans | H16: Pour mémoire | I16: technicien
B17: tire -fonds | D17: X | E17: Examen de la tête des tire-fonds Vérifier l'état du mortier de l'embarrure (fissure) | F17: 3 ans | H17: recommandée | I17: couvreur | L17: Dévisser la tête des tire-fonds Seulement en cas de présence d'arêtier ou de noue
B18: Plaques ondulées en fibro-ciment | D18: X | E18: Changer les plaques fissurés Effectuer les peintures d'étanchéité ou d'encapsulage et les reprises de fixations | F18: Selon besoin | H18: obligatoire | I18: couvreur
B19: Eléments d'évacuation : tuyau, regard, gouttière, chéneau | D19: X | E19: Nettoyage et désencombrement Vérifier le bon emboitement et les soudure entre les éléments | F19: Annuelle | H19: recommandée | I19: technicien

Sheet Plaques_en_acier_ou_alu
B2: PROGRAMMATION DE LA MAINTENANCE
B4: Nom de l'affaire : | L4: Maitre d'ouvrage :
A5: TACHES A EFFECTUER
B8: SOMMAIRE
B10: Plaques nervurées en acier ou en aluminium
B11: durée de vie : 30 à 40 ans
B12: Eléments | C12: Type d'entretien | E12: Actions a réaliser | F12: Plannification | H12: Niveau d'intervention | I12: Acteurs | J12: Traçabilité | K12: Références | L12: Observations
C13: Visite de contrôle | D13: Entretien préventif | F13: Fréquence | G13: Periode
B14: Eléments d'évacuation : tuyau, regard, gouttière, chéneau | D14: X | E14: Nettoyage et désencombrement Vérifier le bon emboitement et les soudure entre les éléments | F14: Annuelle | H14: suggérée | I14: technicien | J14: Carnet de santé
B15: Solins, lamiers et bandeaux | C15: X | E15: Vérifier les bandes maçonnées et l'état de la peinture de protection si besoin | F15: Annuelle | H15: suggérée | I15: technicien
B16: Plaques pleines et/ou translucide et plaques en acier | C16: X | E16: Examen visuel de la couverture et des points singuliers Vérifier les jonctions des plaques Effectuer un contrôle des plaques acier et des fixations | F16: 2 ans | H16: Pour mémoire | I16: technicien | L16: Les couvertures métalliques doivent être ventillées en sous-face pour éviter la condensation qui mettrait en danger la charpente
B17: Eléments en acier laqué | D17: X | E17: reprise des fixations et de la peinture | F17: 5 à 7 ans | H17: recommandée | I17: couvreur

Sheet couverture_zinc_ou_cuivre
B2: PROGRAMMATION DE LA MAINTENANCE
B4: Nom de l'affaire : | L4: Maitre d'ouvrage :
A5: TACHES A EFFECTUER
B8: SOMMAIRE
B10: Couverture à feuille métallique en zinc ou en cuivre
B11: durée de vie : 35 à 45 ans pour le zinc, 70 ans pour le cuivre
B12: Eléments | C12: Type d'entretien | E12: Actions a réaliser | F12: Plannification | H12: Niveau d'intervention | I12: Acteurs | J12: Traçabilité | K12: Références | L12: Observations
C13: Visite de contrôle | D13: Entretien préventif | F13: Fréquence | G13: Periode
B14: Eléments d'évacuation : tuyau, regard, gouttière, chéneau | D14: X | E14: Nettoyage et désencombrement Vérifier le bon emboitement et les soudure entre les éléments | F14: Annuelle | H14: recommandée | I14: technicien | J14: Carnet de santé
B15: Solins et rives | C15: X | E15: Vérifier les bandes maçonnées | F15: Annuelle | H15: recommandée | I15: couvreur
B16: Plaques de zinc | C16: X | E16: Examiner les soudures des émergences Vérifier l'absence de dégradation près des cheminées et le bon état du raccord entre brisis et terrasson | F16: Annuelle | H16: recommandée | I16: couvreur | L16: Les couvertures métalliques doivent être ventillées en sous-face pour éviter la condensation qui mettrait en danger la charpente
B17: Les joints | C17: X | E17: Vérifier le positionnement des couvres joints Vérifier l'absence de déformation des joints debout Vérifier l'état général | F17: Annuelle | H17: recommandée | I17: couvreur
B18: Couverture | D18: X | E18: Remplacer les éléments dégradés | F18: 10 à 15 ans | H18: obligatoire | I18: couvreur
C19: X | E19: Contrôler la planéité | F19: 2 ans | H19: Pour mémoire | I19: technicien

Sheet Plaques_translucides
B2: PROGRAMMATION DE LA MAINTENANCE
B4: Nom de l'affaire : | L4: Maitre d'ouvrage :
A5: TACHES A EFFECTUER
B8: SOMMAIRE
B10: Plaques translucides
B11: durée de vie : 10 ans en polyester, 30 à 40 ans en polycarbonate
B12: Eléments | C12: Type d'entretien | E12: Actions a réaliser | F12: Plannification | H12: Niveau d'intervention | I12: Acteurs | J12: Traçabilité | K12: Références | L12: Observations
C13: Visite de contrôle | D13: Entretien préventif | F13: Fréquence | G13: Periode
B14: Eléments d'évacuation : tuyau, regard, gouttière, chéneau | D14: X | E14: Nettoyage et désencombrement Vérifier le bon emboitement et les soudure entre les éléments | F14: Annuelle | H14: recommandée | I14: technicien | J14: Carnet de santé | K14: Recommandation CNAMTS R343
B15: Feuille métallique en zinc ou en cuivre | C15: X | E15: Vérifier l'absence de déformation au droit des fixations et contrôler l'absence de fissuration | F15: 2 ans | H15: suggérée | I15: couvreur

Sheet fenêtre_de_toit
B2: PROGRAMMATION DE LA MAINTENANCE
B4: Nom de l'affaire : | L4: Maitre d'ouvrage :
A5: TACHES A EFFECTUER
B8: SOMMAIRE
B10: Fenêtre de toit
B11: Eléments | C11: Type d'entretien | E11: Actions a réaliser | F11: Plannification | H11: Niveau d'intervention | I11: Acteurs | J11: Traçabilité | K11: Références | L11: Observations
C12: Visite de contrôle | D12: Entretien préventif | F12: Fréquence | G12: Periode
B13: Eléments de rotation de fermeture | D13: X | E13: Nettoyage et lubrifier | F13: Annuelle | H13: suggérée | I13: Technicien spécialisé
B14: Joints d'étanchéité | C14: X | E14: Vérifier l'état | F14: Annuelle | H14: suggérée | I14: Technicien spécialisé
B15: Ouvrant | D15: X | E15: Effectuer le changement (fin de vie du double vitrage | F15: 15 ans | H15: recommandée | I15: Technicien spécialisé
B16: Fenêtre de toit | D16: X | E16: Procéder au renouvellement total | F16: 20 ans | H16: obligatoire | I16: Couvreur

Sheet Verrière
B2: PROGRAMMATION DE LA MAINTENANCE
B4: Nom de l'affaire : | L4: Maitre d'ouvrage :
A5: TACHES A EFFECTUER
B8: SOMMAIRE
B10: Verrière
B11: Eléments | C11: Type d'entretien | E11: Actions a réaliser | F11: Plannification | H11: Niveau d'intervention | I11: Acteurs | J11: Traçabilité | K11: Références | L11: Observations
C12: Visite de contrôle | D12: Entretien préventif | F12: Fréquence | G12: Periode
B13: Verrière | D13: X | E13: Contrôler l'état du vitrage et des joints d'étanchéité Nettoyer le vitrage, les joints périphériques, les gorges d'évacuation et le drainage de la feuillure | F13: 2 ans | H13: suggérée | I13: Couvreur
C14: X | E14: Procéder au changement du vitrage | F14: 15 ans | H14: recommandée | I14: Couvreur

Sheet Toiture_terrasse
B2: PROGRAMMATION DE LA MAINTENANCE
B4: Nom de l'affaire : | L4: Maitre d'ouvrage :
A5: TACHES A EFFECTUER
B8: SOMMAIRE
B10: Toiture-terrasse
B11: Eléments | C11: Type d'entretien | E11: Actions a réaliser | F11: Plannification | H11: Niveau d'intervention | I11: Acteurs | J11: Traçabilité | K11: Références | L11: Observations
C12: Visite de contrôle | D12: Entretien préventif | F12: Fréquence | G12: Periode
B13: Etanchéité | C13: X | E13: Procéder a un contrôle de l'état de l'étanchéité et vérifier qu'aucun élement n'est venu endommager l'étanchéité (y compris les relevés) | F13: annuelle (minimum) OU Semestrielle (idéale) | G13: Après la chute des feuilles | H13: recommandée | I13: Etancheur ou technicien | J13: Carnet de santé | K13: Norme NF P84-204 | L13: Si besoin de réparation : - par rustine en feuille de bitume armée en cas de cloque, percement, ou fissuration de l'étanchéité chaque fois que nécessaire - par reprise d'un lé de protection ou par une couche d'enduit d'application à chaud si la zone est plus grande chaque fois que nécessaire
G14: Après les fortes tempêtes | H14: suggérée
D15: X | E15: Réfection totale | F15: 20 - 30 ou 50 ans (selon qualité de mise en œuvre) | H15: obligatoire | I15: Couvreur
B16: Eléments complémentaires visibles : souches, édicules, lanternaux, acrotères, joints de dilatation | C16: X | E16: Vérifier les élements ainsi que,la présence et le positionnement des grilles pare graviers | F16: annuelle | H16: recommandée | I16: Etancheur ou technicien | L16: Si fonction désenfumage sur le lanternau, voir les normes de sécurité incendie pour les contrôles des dispositifs d'ouverture
B17: Couvertine | C17: X | E17: Vérifier les fixations, le recouvrement… | F17: annuelle | H17: recommandée | I17: Couvreur
B18: Eléments d'évacuation : tuyau, regard, gouttière, chéneau | D18: X | E18: Nettoyage et désencombrement Vérifier le bon emboitement et les soudure entre les éléments | F18: Annuelle | H18: recommandée | I18: technicien

Sheet Toiture_terrasse_végétalisée
B2: PROGRAMMATION DE LA MAINTENANCE
B4: Nom de l'affaire : | L4: Maitre d'ouvrage :
A5: TACHES A EFFECTUER
B8: SOMMAIRE
B10: Toiture-terrasse
B11: Eléments | C11: Type d'entretien | E11: Actions a réaliser | F11: Plannification | H11: Niveau d'intervention | I11: Acteurs | J11: Traçabilité | K11: Références | L11: Observations
C12: Visite de contrôle | D12: Entretien préventif | F12: Fréquence | G12: Periode
B13: Etanchéité | C13: X | E13: Procéder a un contrôle de l'état de l'étanchéité et vérifier qu'aucun élement n'est venu endommager l'étanchéité (y compris,les relevés) | F13: annuelle (minimum) OU Semestrielle (idéale) | G13: Après la chute des feuilles | H13: recommandée | I13: Etancheur ou technicien | J13: Carnet de santé | K13: Norme NF P84-204 | L13: Si besoin de réparation : - par rustine en feuille de bitume armée en cas de cloque, percement, ou fissuration de l'étanchéité chaque fois que nécessaire - par reprise d'un lé de protection ou par une couche d'enduit d'application à chaud si la zone est plus grande chaque fois que nécessaire
G14: Après les fortes tempêtes | H14: suggérée
D15: X | E15: Réfection totale | F15: 20 - 30 ou 50 ans (selon qualité de mise en œuvre) | H15: obligatoire | I15: Couvreur
B16: Eléments complémentaires visibles : souches, édicules, lanternaux, acrotères, joints de dilatation | C16: X | E16: Vérifier les élements ainsi que,la présence et le positionnement des grilles pare graviers | F16: annuelle | H16: recommandée | I16: Etancheur ou technicien | L16: Si fonction désenfumage sur le lanternau, voir les normes de sécurité incendie pour les contrôles des dispositifs d'ouverture
B17: Couvertine | C17: X | E17: Vérifier les fixations, le recouvrement… | F17: annuelle | H17: recommandée | I17: Couvreur
B18: Végétalisation | D18: X | E18: Désherbage, fertilisation et enlèvement des éléments morts ou abîmés | F18: annuelle | H18: suggérée | I18: Jardinier | L18: La végétalisation d'une toiture-terrasse augmente sa durée de vie (durée de vie 40 à 50 ans)
B19: Système de drainage | C19: X | E19: Contrôle du bon fonctionnement du système | F19: annuelle | H19: suggérée | I19: Technicien
B20: Eléments d'évacuation : tuyau, regard, gouttière, chéneau | D20: X | E20: Nettoyage et désencombrement Vérifier le bon emboitement et les soudure entre les éléments | F20: Annuelle | H20: recommandée | I20: technicien

Sheet Garde_corps
B2: PROGRAMMATION DE LA MAINTENANCE
B4: Nom de l'affaire : | L4: Maitre d'ouvrage :
A5: TACHES A EFFECTUER
B8: SOMMAIRE
B10: Garde-corps
B11: durée de vie : 50 ans
B12: Eléments | C12: Type d'entretien | E12: Actions a réaliser | F12: Plannification | H12: Niveau d'intervention | I12: Acteurs | J12: Traçabilité | K12: Références | L12: Observations
C13: Visite de contrôle | D13: Entretien préventif | F13: Fréquence | G13: Periode
B14: Garde-corps | C14: X | E14: Procéder au contrôle de la structure, continuité, fixations ou fourreaux éventuels Contrôler la facilité de manœuvre et l'absence de risque pour les garde-corps relevables | F14: Annuelle | H14: suggérée | I14: Technicien | J14: Carnet de santé | K14: Norme NF E 85-015 | L14: Les garde-corps etant des protections passives, il n'y a pas d'obligation légale de maintenance
D15: X | E15: Mise en peinture | F15: 7 à 10 ans | H15: Pour mémoire | I15: Technicien | L15: Si les garde-corps ne sont pas galvanisés à chaud ou en aluminium
B16: Dispsositif d'ancrage | C16: X | E16: Procéder à un examen de contrôle Vérifier l'état des structures d'acceuil | F16: Annuelle | H16: recommandée | I16: Technicien | J16: Carnet de santé et Registre de sécurité | K16: Norme NF EN 795 Recommandation CNAMTS R430 | L16: Maintenance selon les instructions du fournisseur ou de l'installateur

Sheet Ligne_de_vie
B2: PROGRAMMATION DE LA MAINTENANCE
B4: Nom de l'affaire : | L4: Maitre d'ouvrage :
A5: TACHES A EFFECTUER
B8: SOMMAIRE
B10: Ligne de vie et rail d'assurage
B11: Eléments | C11: Type d'entretien | E11: Actions a réaliser | F11: Plannification | H11: Niveau d'intervention | I11: Acteurs | J11: Traçabilité | K11: Références | L11: Observations
C12: Visite de contrôle | D12: Entretien préventif | F12: Fréquence | G12: Periode
B13: Ligne de vie et rail d'assurage | D13: X | E13: Examen de détection d'anomalie naissante (amorce de rouille, décollement d'une piéce d'étanchéité, états des éléménts de fixation…) | F13: Annuelle | H13: recommandée | I13: Technicien | J13: Carnet de santé Registre de sécurité | K13: Décret n°2004-924 Norme NF EN 795 Recommandation CNAMTS R430 | L13: Maintenance selon les instructions du fournisseur ou de l'installateur Procéder à un examen visuel avant chaque utilisation
B14: Dispsositif d'ancrage | C14: X | E14: Procéder à un examen de contrôle Vérifier l'état des structures d'acceuil | F14: Annuelle | H14: recommandée | I14: Technicien | J14: Carnet de santé et Registre de sécurité | K14: Norme NF EN 795 Recommandation CNAMTS R430 | L14: Maintenance selon les instructions du fournisseur ou de l'installateur

Sheet maçonnée
B2: PROGRAMMATION DE LA MAINTENANCE
B4: Nom de l'affaire : | L4: Maitre d'ouvrage :
A5: TACHES A EFFECTUER
B8: SOMMAIRE
B10: Façade maçonnée
B11: Eléments | C11: Type d'entretien | E11: Actions a réaliser | F11: Plannification | H11: Niveau d'intervention | I11: Acteurs | J11: Traçabilité | K11: Références | L11: Observations
C12: Visite de contrôle | D12: Entretien préventif | F12: Fréquence | G12: Periode
B13: Façade | C13: X | E13: Vérifier l'absence de fissure (angle, chaînage, linteau…) Vérifier l'absence de taches d'humidité, de faïençage Supprimer les mousses et salissures sur les élements en saillie du nu de la façade | F13: Annuelle | H13: Pour mémoire | I13: Technicien | L13: Entretien visuel Si la fissure affecte la structure et pas seulement l'enduit, poser un témoin pour surveiller l'évolution
D14: X | E14: Effectuer un ravalement | F14: Selon besoin (décennale à Paris) | H14: recommandée | I14: Entreprise spécialisée | K14: CCH, art. L. 132-1 à 5 (Obligation pour Paris)

Sheet en_pierres_ou_briques
B2: PROGRAMMATION DE LA MAINTENANCE
B4: Nom de l'affaire : | L4: Maitre d'ouvrage :
A5: TACHES A EFFECTUER
B8: SOMMAIRE
B10: Façade en pierres et briques apparentes
B11: Eléments | C11: Type d'entretien | E11: Actions a réaliser | F11: Plannification | H11: Niveau d'intervention | I11: Acteurs | J11: Traçabilité | K11: Références | L11: Observations
C12: Visite de contrôle | D12: Entretien préventif | F12: Fréquence | G12: Periode
B13: Façade | C13: X | E13: Examiner les joints | F13: 2 ans | H13: suggérée | I13: Technicien
D14: X | E14: Nettoyer les pierres et les briques, changer les éléments abîmés et refaire les joints Vérifier l'absence de fissures | F14: Selon besoin (décennale à Paris) | H14: recommandée | I14: Entreprise spécialisée | K14: CCH, art. L. 132-1 à 5 (Obligation pour Paris) | L14: Si la fissure affecte la structure, poser un témoin pour surveiller l'évolution

Sheet façade_béton_armé
B2: PROGRAMMATION DE LA MAINTENANCE
B4: Nom de l'affaire : | L4: Maitre d'ouvrage :
A5: TACHES A EFFECTUER
B8: SOMMAIRE
B10: Façade en béton armé
B11: Eléments | C11: Type d'entretien | E11: Actions a réaliser | F11: Plannification | H11: Niveau d'intervention | I11: Acteurs | J11: Traçabilité | K11: Références | L11: Observations
C12: Visite de contrôle | D12: Entretien préventif | F12: Fréquence | G12: Periode
B13: Façade | C13: X | E13: Examiner les dispositifs de calfeutrement des joints de dilatation et vérifier l'absence d'éclatement | F13: Annuelle | H13: suggérée | I13: Technicien
D14: X | E14: Nettoyer ou peindre selon finition | F14: Selon besoin (décennale à Paris) | H14: recommandée | I14: Entreprise spécialisée | K14: CCH, art. L. 132-1 à 5 (Obligation pour Paris) | L14: Ne pas effectuer de nettoyage à haute pression

Sheet mur_rideau
B2: PROGRAMMATION DE LA MAINTENANCE
B4: Nom de l'affaire : | L4: Maitre d'ouvrage :
A5: TACHES A EFFECTUER
B8: SOMMAIRE
B10: Mur-rideau
B11: durée de vie : 25 à 30 ans
B12: Eléments | C12: Type d'entretien | E12: Actions a réaliser | F12: Plannification | H12: Niveau d'intervention | I12: Acteurs | J12: Traçabilité | K12: Références | L12: Observations
C13: Visite de contrôle | D13: Entretien préventif | F13: Fréquence | G13: Periode
B14: Panneaux en verres | D14: X | E14: Nettoyer les panneaux verriers | F14: Annuelle | H14: recommandée | I14: Technicien qualifié
D15: X | E15: Changer des éléments verriers si de la buée est présente à l'intérieur du double vitrage | F15: selon besoin 10 à 15 ans | H15: recommandée | I15: Miroitier
B16: joints d'étanchéité | C16: X | E16: Vérifier l'état Vérifier la géométrie de l'ensemble (rupture de fixations) | F16: Annuelle | H16: recommandée | I16: Technicien qualifié | L16: Refaire les joints et le mastic d'étanchéité selon besoin Examen visuel associée au nettoyage des vitres

Sheet façade_légère
B2: PROGRAMMATION DE LA MAINTENANCE
B4: Nom de l'affaire : | L4: Maitre d'ouvrage :
A5: TACHES A EFFECTUER
B8: SOMMAIRE
B10: Tout type de façade légère
B11: Eléments | C11: Type d'entretien | E11: Actions a réaliser | F11: Plannification | H11: Niveau d'intervention | I11: Acteurs | J11: Traçabilité | K11: Références | L11: Observations
C12: Visite de contrôle | D12: Entretien préventif | F12: Fréquence | G12: Periode
B13: Ensemble du montage | C13: X | E13: Vérifier et réviser | F13: 15 ans | H13: recommandée | I13: Technicien spécialisé | J13: Carnet de santé
B14: Système de fixations | C14: X | E14: Vérifier la bonne tenue | F14: 7 ans | H14: recommandée | I14: Technicien | J14: Carnet de santé

Sheet bardage_métallique
B2: PROGRAMMATION DE LA MAINTENANCE
B4: Nom de l'affaire : | L4: Maitre d'ouvrage :
A5: TACHES A EFFECTUER
B8: SOMMAIRE
B10: Bardage métallique
B11: durée de vie : 35 ans
B12: Eléments | C12: Type d'entretien | E12: Actions a réaliser | F12: Plannification | H12: Niveau d'intervention | I12: Acteurs | J12: Traçabilité | K12: Références | L12: Observations
C13: Visite de contrôle | D13: Entretien préventif | F13: Fréquence | G13: Periode
B14: Façade | D14: X | E14: Netoyer les soubassements | F14: Annuelle | H14: Pour mémoire | I14: Technicien | J14: Carnet de santé
B15: Lame/plaque en métal | C15: X | E15: Vérifier les fixations Vérifier l'absence de points de corrosion | F15: Annuelle | H15: suggérée | I15: Technicien | J15: Carnet de santé | L15: En cas de choc ou de corrosion, faire une reprise de peinture
B16: Vêtage | C16: X | E16: Vérifier l'état de la zone d'attache Vérifier l'étanchéité des points singulier Observer la planéité des éléments agrafés Vérifier qu'il n'y a pas mise en charge d'une zone par la rangée supérieure | F16: Annuelle | H16: recommandée | I16: Technicien | J16: Carnet de santé
B17: Vêture | C17: X | E17: Vérifier le bon état des joints ou du recouvrement entre les éléments pour éviter la dégradation de l'isolant Vérifier l'étanchéité aux points singulier (baies, angle…) Observer la planéité du bardage | F17: Annuelle | H17: suggérée | I17: Technicien | J17: Carnet de santé

Sheet bois
B2: PROGRAMMATION DE LA MAINTENANCE
B4: Nom de l'affaire : | L4: Maitre d'ouvrage :
A5: TACHES A EFFECTUER
B8: SOMMAIRE
B10: Bardage bois
B11: durée de vie : bardage bois 35 ans
B12: Eléments | C12: Type d'entretien | E12: Actions a réaliser | F12: Plannification | H12: Niveau d'intervention | I12: Acteurs | J12: Traçabilité | K12: Références | L12: Observations
C13: Visite de contrôle | D13: Entretien préventif | F13: Fréquence | G13: Periode
B14: Façade | D14: X | E14: Netoyer les soubassements | F14: Annuelle | H14: Pour mémoire | I14: Technicien | J14: Carnet de santé
B15: Lame/plaque en bois | C15: X | E15: Vérifier les fixations et le recouvrement | F15: Annuelle | H15: suggérée | I15: Technicien | J15: Carnet de santé
D16: X | E16: Refaire la peinture ou appliquer un traitement | F16: Selon besoin | H16: suggérée
B17: Vêtage | C17: X | E17: Vérifier l'état de la zone d'attache Vérifier l'étanchéité des points singulier Observer la planéité des éléments agrafés Vérifier qu'il n'y a pas mise en charge d'une zone par la rangée supérieure | F17: Annuelle | H17: recommandée | I17: Technicien | J17: Carnet de santé
B18: Vêture | C18: X | E18: Vérifier le bon état des joints ou du recouvrement entre les éléments pour éviter la dégradation de l'isolant Vérifier l'étanchéité aux points singulier (baies, angle…) Observer la planéité du bardage | F18: Annuelle | H18: suggérée | I18: Technicien | J18: Carnet de santé

Sheet bardage_PVC
B2: PROGRAMMATION DE LA MAINTENANCE
B4: Nom de l'affaire : | L4: Maitre d'ouvrage :
A5: TACHES A EFFECTUER
B8: SOMMAIRE
B10: Bardage PVC
B11: durée de vie : bardage PVC 35 ans
B12: Eléments | C12: Type d'entretien | E12: Actions a réaliser | F12: Plannification | H12: Niveau d'intervention | I12: Acteurs | J12: Traçabilité | K12: Références | L12: Observations
C13: Visite de contrôle | D13: Entretien préventif | F13: Fréquence | G13: Periode
B14: Façade | D14: X | E14: Netoyer les soubassements | F14: Annuelle | H14: Pour mémoire | I14: Technicien | J14: Carnet de santé
B15: Lame/plaque en PVC | C15: X | E15: Vérifier les fixations et le recouvrement | F15: Annuelle | H15: suggérée | I15: Technicien | J15: Carnet de santé
D16: X | E16: Nettoyer | F16: Selon besoin | H16: suggérée
B17: Vêtage | C17: X | E17: Vérifier l'état de la zone d'attache Vérifier l'étanchéité des points singulier Observer la planéité des éléments agrafés Vérifier qu'il n'y a pas mise en charge d'une zone par la rangée supérieure | F17: Annuelle | H17: recommandée | I17: Technicien | J17: Carnet de santé
B18: Vêture | C18: X | E18: Vérifier le bon état des joints ou du recouvrement entre les éléments pour éviter la dégradation de l'isolant Vérifier l'étanchéité aux points singulier (baies, angle…) Observer la planéité du bardage | F18: Annuelle | H18: suggérée | I18: Technicien | J18: Carnet de santé

Sheet balcon_maçonné
B2: PROGRAMMATION DE LA MAINTENANCE
B4: Nom de l'affaire : | L4: Maitre d'ouvrage :
A5: TACHES A EFFECTUER
B8: SOMMAIRE
B10: Balcon maçonné
B11: Eléments | C11: Type d'entretien | E11: Actions a réaliser | F11: Plannification | H11: Niveau d'intervention | I11: Acteurs | J11: Traçabilité | K11: Références | L11: Observations
C12: Visite de contrôle | D12: Entretien préventif | F12: Fréquence | G12: Periode
B13: Eléménts d'évacuation | D13: X | E13: Déboucher les orifices d'évacuation des eaux pluviales | F13: Semestrielle | H13: Pour mémoire | I13: Utilisateur
B14: Balcon | C14: X | E14: Vérifier l'absence de fissuration en jonction avec la façade Contrôler l'absence d'éclatement de béton Enlever l'eventuelle mousse | F14: Annuelle | H14: suggérée | I14: Technicien
B15: Garde-corps | C15: X | E15: Contrôler le scellement | F15: Annuelle | H15: suggérée | I15: Technicien

Sheet menuiseries_ext_bois
B2: SOMMAIRE
B4: Porte, fenêtre
B5: Actions a réaliser | C5: Fréquence | D5: Periode | E5: Niveau | I5: Acteurs | J5: Traçabilité | K5: Références | L5: Observations
E6: 1 | F6: 2 | G6: 3 | H6: 4
B7: Nettoyer l'ensemble de la menuiserie | C7: Annuelle | F7: x | I7: Technicien | J7: Carnet de santé
B8: Repeindre les menuiseries bois | C8: Lasure 3 ans, Peinture 5 à 7 ans selon exposition | F8: x | I8: peintre
B9: Face extérieur
B10: Actions a réaliser | C10: Fréquence | D10: Periode | E10: Niveau | I10: Acteurs | J10: Traçabilité | K10: Références | L10: Observations
E11: 1 | F11: 2 | G11: 3 | H11: 4
B12: Vérifier les joints d'étanchéité et de liaison avec la maçonnerie, les pièces d'appuis et de rejet d'eau | C12: Annuelle | F12: x | I12: Technicien | J12: Carnet de santé | L12: Si équipement en alu, vérifier la présence des busettes à clapet devant les orifices extérieurs des trous d'évacuation des buées
B13: Joint vitrage
B14: Actions a réaliser | C14: Fréquence | D14: Periode | E14: Niveau | I14: Acteurs | J14: Traçabilité | K14: Références | L14: Observations
E15: 1 | F15: 2 | G15: 3 | H15: 4
B16: Vérifier leurs présence, état et bon positionnement | C16: Annuelle | F16: x | I16: Technicien | J16: Carnet de santé
B17: Ouvrant
B18: Actions a réaliser | C18: Fréquence | D18: Periode | E18: Niveau | I18: Acteurs | J18: Traçabilité | K18: Références | L18: Observations
E19: 1 | F19: 2 | G19: 3 | H19: 4
B20: Vérifier le bon fonctionnement Vérifier les joints de calfeutrement Nettoyer les grilles d'entrée d'air | C20: Annuelle | F20: x | I20: Technicien | J20: Carnet de santé
B21: Effectuer un réglage complet | C21: 2 à 5 ans selon utilisation | G21: x | I21: Menuisier | J21: Carnet de santé
B22: Baie coulissante
B23: durée de vie : 20 ans
B24: Actions a réaliser | C24: Fréquence | D24: Periode | E24: Niveau | I24: Acteurs | J24: Traçabilité | K24: Références | L24: Observations
E25: 1 | F25: 2 | G25: 3 | H25: 4
B26: Nettoyer les rails | C26: Selon besoin | E26: x | I26: Personnel d'entretien
B27: Verifier le bon fonctionnement Nettoyer et lubrifier la quincaillerie, les grilles d'entrée d'airvet le systéme de roulement Vérifier les joints d'étanchéité | C27: Annuelle | E27: x | I27: Personnel d'entretien
B28: Oscillo-battant
B29: Actions a réaliser | C29: Fréquence | D29: Periode | E29: Niveau | I29: Acteurs | J29: Traçabilité | K29: Références | L29: Observations
E30: 1 | F30: 2 | G30: 3 | H30: 4
B31: Vérifier le systéme de sécurité interdisant la mise en drapeau | C31: Annuelle | E31: x | I31: Technicien | J31: Carnet de santé

Sheet menuiseries_ext_PVC
B2: SOMMAIRE
B4: Porte, fenêtre
B5: Actions a réaliser | C5: Fréquence | D5: Periode | E5: Niveau | I5: Acteurs | J5: Traçabilité | K5: Références | L5: Observations
E6: 1 | F6: 2 | G6: 3 | H6: 4
B7: Nettoyer l'ensemble de la menuiserie | C7: Annuelle | F7: x | I7: Technicien | J7: Carnet de santé
B8: Repeindre les menuiseries bois | C8: Lasure 3 ans, Peinture 5 à 7 ans selon exposition | F8: x | I8: peintre
B9: Face extérieur
B10: Actions a réaliser | C10: Fréquence | D10: Periode | E10: Niveau | I10: Acteurs | J10: Traçabilité | K10: Références | L10: Observations
E11: 1 | F11: 2 | G11: 3 | H11: 4
B12: Vérifier les joints d'étanchéité et de liaison avec la maçonnerie, les pièces d'appuis et de rejet d'eau | C12: Annuelle | F12: x | I12: Technicien | J12: Carnet de santé | L12: Si équipement en alu, vérifier la présence des busettes à clapet devant les orifices extérieurs des trous d'évacuation des buées
B13: Joint vitrage
B14: Actions a réaliser | C14: Fréquence | D14: Periode | E14: Niveau | I14: Acteurs | J14: Traçabilité | K14: Références | L14: Observations
E15: 1 | F15: 2 | G15: 3 | H15: 4
B16: Vérifier leurs présence, état et bon positionnement | C16: Annuelle | F16: x | I16: Technicien | J16: Carnet de santé
B17: Ouvrant
B18: Actions a réaliser | C18: Fréquence | D18: Periode | E18: Niveau | I18: Acteurs | J18: Traçabilité | K18: Références | L18: Observations
E19: 1 | F19: 2 | G19: 3 | H19: 4
B20: Vérifier le bon fonctionnement Vérifier les joints de calfeutrement Nettoyer les grilles d'entrée d'air | C20: Annuelle | F20: x | I20: Technicien | J20: Carnet de santé
B21: Effectuer un réglage complet | C21: 2 à 5 ans selon utilisation | G21: x | I21: Menuisier | J21: Carnet de santé
B22: Baie coulissante
B23: durée de vie : 20 ans
B24: Actions a réaliser | C24: Fréquence | D24: Periode | E24: Niveau | I24: Acteurs | J24: Traçabilité | K24: Références | L24: Observations
E25: 1 | F25: 2 | G25: 3 | H25: 4
B26: Nettoyer les rails | C26: Selon besoin | E26: x | I26: Personnel d'entretien
B27: Verifier le bon fonctionnement Nettoyer et lubrifier la quincaillerie, les grilles d'entrée d'airvet le systéme de roulement Vérifier les joints d'étanchéité | C27: Annuelle | E27: x | I27: Personnel d'entretien
B28: Oscillo-battant
B29: Actions a réaliser | C29: Fréquence | D29: Periode | E29: Niveau | I29: Acteurs | J29: Traçabilité | K29: Références | L29: Observations
E30: 1 | F30: 2 | G30: 3 | H30: 4
B31: Vérifier le systéme de sécurité interdisant la mise en drapeau | C31: Annuelle | E31: x | I31: Technicien | J31: Carnet de santé

Sheet baie_coulissante
B2: SOMMAIRE
B4: Face extérieur
B5: Actions a réaliser | C5: Fréquence | D5: Periode | E5: Niveau | I5: Acteurs | J5: Traçabilité | K5: Références | L5: Observations
E6: 1 | F6: 2 | G6: 3 | H6: 4
B7: Vérifier les joints d'étanchéité et de liaison avec la maçonnerie, les pièces d'appuis et de rejet d'eau | C7: Annuelle | F7: x | I7: Technicien | J7: Carnet de santé | L7: Si équipement en alu, vérifier la présence des busettes à clapet devant les orifices extérieurs des trous d'évacuation des buées
B8: Joint vitrage
B9: Actions a réaliser | C9: Fréquence | D9: Periode | E9: Niveau | I9: Acteurs | J9: Traçabilité | K9: Références | L9: Observations
E10: 1 | F10: 2 | G10: 3 | H10: 4
B11: Vérifier leurs présence, état et bon positionnement | C11: Annuelle | F11: x | I11: Technicien | J11: Carnet de santé
B12: Ouvrant
B13: Actions a réaliser | C13: Fréquence | D13: Periode | E13: Niveau | I13: Acteurs | J13: Traçabilité | K13: Références | L13: Observations
E14: 1 | F14: 2 | G14: 3 | H14: 4
B15: Vérifier le bon fonctionnement Vérifier les joints de calfeutrement Nettoyer les grilles d'entrée d'air | C15: Annuelle | F15: x | I15: Technicien | J15: Carnet de santé
B16: Effectuer un réglage complet | C16: 2 à 5 ans selon utilisation | G16: x | I16: Menuisier | J16: Carnet de santé
B17: Baie coulissante
B18: durée de vie : 20 ans
B19: Actions a réaliser | C19: Fréquence | D19: Periode | E19: Niveau | I19: Acteurs | J19: Traçabilité | K19: Références | L19: Observations
E20: 1 | F20: 2 | G20: 3 | H20: 4
B21: Nettoyer les rails | C21: Selon besoin | E21: x | I21: Personnel d'entretien
B22: Verifier le bon fonctionnement Nettoyer et lubrifier la quincaillerie, les grilles d'entrée d'airvet le systéme de roulement Vérifier les joints d'étanchéité | C22: Annuelle | E22: x | I22: Personnel d'entretien
B23: Oscillo-battant
B24: Actions a réaliser | C24: Fréquence | D24: Periode | E24: Niveau | I24: Acteurs | J24: Traçabilité | K24: Références | L24: Observations
E25: 1 | F25: 2 | G25: 3 | H25: 4
B26: Vérifier le systéme de sécurité interdisant la mise en drapeau | C26: Annuelle | E26: x | I26: Technicien | J26: Carnet de santé

Sheet automatique_et_semie_auto
B2: SOMMAIRE
B4: Porte et portail automatiques, semi-automatiques
B5: Actions a réaliser | C5: Fréquence | D5: Periode | E5: Niveau | I5: Acteurs | J5: Traçabilité | K5: Références | L5: Observations
E6: 1 | F6: 2 | G6: 3 | H6: 4
B7: Entretenir et vérifier les éléments du portail (guidage, articulations, cellules, les organes de commandes, la vitesse, le moteur, les éléments courants à la sécurité de fonctionnement…) | C7: Semestrielle | G7: x | I7: Technicien ou entreprise qualifié | J7: Livret d'entretien | K7: C. Trav;art.R.4224-12 Arrêté du 21 déc 1993, art.9
B8: Porte automatique servant d'issue de secours
B9: Actions a réaliser | C9: Fréquence | D9: Periode | E9: Niveau | I9: Acteurs | J9: Traçabilité | K9: Références | L9: Observations
E10: 1 | F10: 2 | G10: 3 | H10: 4
B11: Exécuter les actions précédentes, mais effectuer en plus un test d'ouverture de secours et contrôler le boîtier de commande d'urgence | C11: Semestrielle | G11: x | I11: Technicien ou entreprise qualifié | J11: Livret d'entretien | K11: Règlement SI pour les ERP, art.CO48,§3 Arrêté du 21 décembre 1993, art10 et du 10 novembre 1994 | L11: Les portes automatiques doivent faire l'objet d'un contrat d'entretien Les portes automatiques de façades sont asservies à la détection automatique (incendie) et doivent être contrôlées dans le cadre des vérifications du SSI
B12: Porte automatique de garage
B13: durée de vie : 10 à 20 ans selon usage
B14: Actions a réaliser | C14: Fréquence | D14: Periode | E14: Niveau | I14: Acteurs | J14: Traçabilité | K14: Références | L14: Observations
E15: 1 | F15: 2 | G15: 3 | H15: 4
B16: Entretien : Nettoyer, graisser, régler les organes mécaniques, électriaues, électroniques Réparer ou remplacer les pièces constituant les systèmes de sécurité hors d'usage ou usées : barres palpeuses, cellules phto-éléectriques, limiteurs de couple mécaniques ou électro-mécaniques, câbles, systèmes empêchant la chute du tablier, organes de commande et télécommande pour la partie récepteur | C16: Semestrielle | G16: x | J16: Livret d'entretien | K16: Arrêté du 12 novembre 1990 | L16: Obligation pour le propriétaire d'avoi un constat d'entretien, art.R.125-5 du CCH Conformité selon l'art.R.125-3-1 du CCH
B17: Visite périodique : Vérifier le bon fonctionnement des dispositifs de sécurité Vérifier le bon fonctionnement du débrayage manuel Vérifier le bon fonctionnement du limiteur d'effort Vérifier les articulations (charnières, pivots…) Vérifier les cycles de fonctionnement dans les zones d'accostage Vérifier le bon fonctionnement et l'état de la signalisation Vérifier les éléments de transmission du mouvement Lubrifier et effectuer les réglages nécessaires au bon fonctionnement Vérifier l'opérateur (moto réducteur électrique...) Effectuer un examen général du fonctionnement de la porte | C17: Semestrielle | G17: x
B18: Le verrouillage de la porte Les éléments de guidage Les organes de commandes Les systèmes d'équilibrage L'armoire de commande et ses composants La fixation de la porte Le fonctionnement du sytéme empêchant la chute du tablier L'état des peintures et de la corrosion | C18: Annuelle | G18: x

Sheet manuels
B2: SOMMAIRE
B4: Porte et portail manuels
B5: Actions a réaliser | C5: Fréquence | D5: Periode | E5: Niveau | I5: Acteurs | J5: Traçabilité | K5: Références | L5: Observations
E6: 1 | F6: 2 | G6: 3 | H6: 4
B7: Vérifier le bon fonctionnement et l'état général Vérifier les articulations des éléments de guidage Vérifier le systéme d'équilibrage si besoin Lubrifier et effectuer les réglages nécessaires au bon fonctionnement | C7: Annuelle | F7: x | I7: Technicien ou entreprise qualifié | L7: Périodicité appropriée selon l'art.R.4224-12,C.trav. Nécessité d'adapter la périodicité à la fréquence et au type d'utilisation

Sheet portes_en_verre
B2: SOMMAIRE
B4: Portes en verre
B5: Actions a réaliser | C5: Fréquence | D5: Periode | E5: Niveau | I5: Acteurs | J5: Traçabilité | K5: Références | L5: Observations
E6: 1 | F6: 2 | G6: 3 | H6: 4
B7: Vérifier le jeu entre les ouvrants Vérifier le serrage et le dispsoitif de pose des serrures Vérifier le joint en caoutchouc | C7: Annuelle | F7: x | I7: Miroitier ou technicien | L7: Les serrures de milieu sont préférables aux serrures basses qui sont peu confortables

Sheet pivot_de_sol
B2: SOMMAIRE
B4: Pivot de sol
B5: Actions a réaliser | C5: Fréquence | D5: Periode | E5: Niveau | I5: Acteurs | J5: Traçabilité | K5: Références | L5: Observations
E6: 1 | F6: 2 | G6: 3 | H6: 4
B7: Nettoyer le mécanisme Régler la vitesse de fermeture Vérifier le bon état | C7: Annuelle | G7: x | I7: Miroitier ou technicien

Sheet volet_persienne_pare_soleil
B2: SOMMAIRE
B4: Pare-soleil, volet, persienne, jalousie et volet roulant PVC/Alu/bois/métal(hors alu)
B5: durée de vie moyenne des volets, persiennes et jalousies : 30 ans (60 ans pour volets bois pleins et enrouleurs bois)
B6: Actions a réaliser | C6: Fréquence | D6: Periode | E6: Niveau | I6: Acteurs | J6: Traçabilité | K6: Références | L6: Observations
E7: 1 | F7: 2 | G7: 3 | H7: 4
B8: Vérifier les dispositifs d'ouverture/fermeture Contrôler la corrosion des pièces métalliques Si les éléments motorisés, les essayer et régler la fin de course Nettoyer et vérifier les guidages et enrouleurs | C8: Annuelle | G8: x | I8: Technicien | L8: Le technicien doit être formé aux travaux en hauteur
B9: Effectuer l'entretien du bois | C9: Lasure 3 ans, si peinture 5 à 7 ans | G9: x | I9: peintre | L9: Si élément en bois
B10: Repeindre | C10: 5 à 7 ans | G10: x | I10: peintre | L10: Sur élément en métal (hors alu)
B11: changement du moteur | C11: 10 ans | G11: x | L11: Si motorisé
B12: Volet ou panneau coulissant
B13: Actions a réaliser | C13: Fréquence | D13: Periode | E13: Niveau | I13: Acteurs | J13: Traçabilité | K13: Références | L13: Observations
E14: 1 | F14: 2 | G14: 3 | H14: 4
B15: Contrôler et graisser les fixations et les élements de roulement | C15: Annuelle | G15: x
B16: Appliquer traitement ou peinture | C16: 5 à 7 ans | G16: x

Sheet store
B2: SOMMAIRE
B4: Store en toile ou intisé
B5: Actions a réaliser | C5: Fréquence | D5: Periode | E5: Niveau | I5: Acteurs | J5: Traçabilité | K5: Références | L5: Observations
E6: 1 | F6: 2 | G6: 3 | H6: 4
B7: Vérifier les dispositifs d'ouverture/fermeture Nettoyer la toile, les guidages et enrouleurs | C7: Annuelle | G7: x | I7: Technicien
B8: Contrôler les attaches Changer la toile | C8: 5 ans selon exposition | G8: x | I8: Technicien
B9: Effectuer un changement complet | C9: 5 à 12 ans selon entretien et utilisation | G9: x | I9: Technicien

Sheet plaques_de_plâtre
B2: SOMMAIRE
B4: Tout type de cloison
B5: durée de vie : 30 à 50 ans
B6: Actions a réaliser | C6: Fréquence | D6: Periode | E6: Niveau | I6: Acteurs | J6: Traçabilité | K6: Références | L6: Observations
E7: 1 | F7: 2 | G7: 3 | H7: 4
B8: Vérifier la planéité, l'absence d'humidité Contrôler l'état de la protection | C8: Annuelle | E8: x | I8: Technicien | J8: Carnet de santé | L8: Attention a la conservation éventuelle du degré coupe-feu lors de travaux de passage de câbles, gaines et tuyaux
B9: Plaque de plâtre
B10: Actions a réaliser | C10: Fréquence | D10: Periode | E10: Niveau | I10: Acteurs | J10: Traçabilité | K10: Références | L10: Observations
E11: 1 | F11: 2 | G11: 3 | H11: 4
B12: Contrôler et reboucher d'éventuelles fissures aux joints entre plaques Effectuer une éventuelle reprise des bandes de joints | C12: 7 ans | G12: x | I12: Plâtrier | J12: Carnet de santé | L12: Attention a la conservation éventuelle du degré coupe-feu lors de travaux de passage de câbles, gaines et tuyaux

Sheet carreau_ou_brique_de_plâtre
B2: SOMMAIRE
B4: Tout type de cloison
B5: durée de vie : 30 à 50 ans
B6: Actions a réaliser | C6: Fréquence | D6: Periode | E6: Niveau | I6: Acteurs | J6: Traçabilité | K6: Références | L6: Observations
E7: 1 | F7: 2 | G7: 3 | H7: 4
B8: Vérifier la planéité, l'absence d'humidité Contrôler l'état de la protection | C8: Annuelle | E8: x | I8: Technicien | J8: Carnet de santé | L8: Attention a la conservation éventuelle du degré coupe-feu lors de travaux de passage de câbles, gaines et tuyaux
B9: Carreau de plâtre/Brique plâtrière
B10: Actions a réaliser | C10: Fréquence | D10: Periode | E10: Niveau | I10: Acteurs | J10: Traçabilité | K10: Références | L10: Observations
E11: 1 | F11: 2 | G11: 3 | H11: 4
B12: Contrôler et reboucher d'éventuelles fissures | C12: 10 ans | I12: Plâtrier | J12: Carnet de santé | L12: Attention a la conservation éventuelle du degré coupe-feu lors de travaux de passage de câbles, gaines et tuyaux

Sheet cloison_amovible
B2: SOMMAIRE
B4: Tout type de cloison
B5: durée de vie : 30 à 50 ans
B6: Actions a réaliser | C6: Fréquence | D6: Periode | E6: Niveau | I6: Acteurs | J6: Traçabilité | K6: Références | L6: Observations
E7: 1 | F7: 2 | G7: 3 | H7: 4
B8: Vérifier la planéité, l'absence d'humidité Contrôler l'état de la protection | C8: Annuelle | E8: x | I8: Technicien | J8: Carnet de santé | L8: Attention a la conservation éventuelle du degré coupe-feu lors de travaux de passage de câbles, gaines et tuyaux
B9: Cloison mobile
B10: Actions a réaliser | C10: Fréquence | D10: Periode | E10: Niveau | I10: Acteurs | J10: Traçabilité | K10: Références | L10: Observations
E11: 1 | F11: 2 | G11: 3 | H11: 4
B12: Vérifier le bon fonctionnement Nettoyer les éléments de guidage | C12: Annuelle | G12: x | I12: Technicien | J12: Carnet de santé
B13: Contrôler les joints entre les cloisons | C13: 7 à 10 ans selon utilisation | I13: Technicien

Sheet plafond_suspendu
B2: SOMMAIRE
B4: Plafond suspendu en fibres minérales
B5: Actions a réaliser | C5: Fréquence | D5: Periode | E5: Niveau | I5: Acteurs | J5: Traçabilité | K5: Références | L5: Observations
E6: 1 | F6: 2 | G6: 3 | H6: 4
B7: Contrôler la planéité du plafond et l'absence de tâche d'humidité | C7: Annuelle | F7: x | I7: Technicien | L7: Contôle visuel
B8: Vérifier que les entretoises portent bien sur les profils porteurs Vérifier le plénum s'il n'y a pas de rupture dans la fixation d'une suspente et vérifier si présence d'humidité | K8: Carnet de santé | L8: Si défaut de planéité, reposer les entretoises si elles ne reposent plus sur les profils porteurs et si plaque tachée par l'humidité, remplacer la plaque après réparation de la fuite

Sheet plafond_béton_brut
B2: SOMMAIRE
B4: Plafond brut de béton (sous face d'un plancher béton armé)
B5: Actions a réaliser | C5: Fréquence | D5: Periode | E5: Niveau | I5: Acteurs | J5: Traçabilité | K5: Références | L5: Observations
E6: 1 | F6: 2 | G6: 3 | H6: 4
B7: Vérifier l'absence de fissuration ou d'éclatement avec aciers apparent , de l'absence de trace d'humidité Vérifier la planéité (hourdis ou pré-dalle) et les appuis de poutrelles (si visible) | C7: Annuelle | E7: x | I7: Technicien | L7: Contôle visuel de la sous face

Sheet plafond_plaques_de_plâtre
B2: SOMMAIRE
B4: Plafond en plaques de plâtre cartonnées
B5: Actions a réaliser | C5: Fréquence | D5: Periode | E5: Niveau | I5: Acteurs | J5: Traçabilité | K5: Références | L5: Observations
E6: 1 | F6: 2 | G6: 3 | H6: 4
B7: Contrôler la planéité du plafond et l'absence de tâche d'humidité ainsi que le non décollement des bandes de joints | C7: Annuelle | F7: x | I7: Technicien | K7: Carnet de santé | L7: Contrôle visuel Si plaque tachée par l'humidité, remplacer la plaque après réparation de la fuite et si décolement des bandes de joints effectuer une reprise partielle ou totale

Sheet carrelage
B2: SOMMAIRE
B4: Carrelage
B5: durée de vie : 30 à 40 ans selon usage
B6: Actions a réaliser | C6: Fréquence | D6: Periode | E6: Niveau | I6: Acteurs | J6: Traçabilité | K6: Références | L6: Observations
E7: 1 | F7: 2 | G7: 3 | H7: 4
B8: Examiner l'état du joint de fractionnement, l'état du carrelage et la non infiltration des eaux | C8: Annuelle | E8: x | I8: Technicien | L8: Contrôle visuel
B9: Changer un élément en cas de rupture importante | C9: selon besoin | G9: x | I9: Carreleur

Sheet faïence
B2: SOMMAIRE
B4: Faïence
B5: durée de vie : 30 à 40 ans selon usage
B6: Actions a réaliser | C6: Fréquence | D6: Periode | E6: Niveau | I6: Acteurs | J6: Traçabilité | K6: Références | L6: Observations
E7: 1 | F7: 2 | G7: 3 | H7: 4
B8: Examiner les joints de faïence et au silicone | C8: Annuelle | F8: x | I8: Technicien | L8: Contrôle visuel Refaire les joints si besoin
B9: Refaire l'ensemble des joints | C9: 10 à 15 ans selon utilisation | F9: x
B10: Changer un élément en cas d'éclat important ou de fissure | C10: selon besoin | G10: x | I10: Carreleur

Sheet parquet_massif
B2: SOMMAIRE
B4: Parquet en bois massif
B5: Actions a réaliser | C5: Fréquence | D5: Periode | E5: Niveau | I5: Acteurs | J5: Traçabilité | K5: Références | L5: Observations
E6: 1 | F6: 2 | G6: 3 | H6: 4
B7: Poncer et vitrifier | C7: 7 à 10 ans selon utilisation et essence de bois | F7: x | I7: Technicien | L7: L'entretien et la durée de vie sont impactés par le type de pose , l'essence du bois et l'utilisation
B8: Changer une ou plusieurs lames | C8: Selon besoin | H8: x | I8: Menuisier
B9: Effectuer une réfection totale | C9: 50 ans à 100 ans selon essence de bois | H9: x | I9: Menuisier

Sheet parquet_contre_collé
B2: SOMMAIRE
B4: Parquet contre-collé
B5: Actions a réaliser | C5: Fréquence | D5: Periode | E5: Niveau | I5: Acteurs | J5: Traçabilité | K5: Références | L5: Observations
E6: 1 | F6: 2 | G6: 3 | H6: 4
B7: Poncer et vitrifier | C7: 7 à 10 ans selon utilisation et essence de bois | F7: x | I7: Technicien | L7: L'entretien et la durée de vie dépendent de l'épaisseur, l'utilisation, l'essence et de la couche d'usure
B8: Changer une ou plusieurs lames | C8: Selon besoin | G8: x | I8: Menuisier
B9: Effectuer une réfection totale | C9: 30 ans à 50 ans selon essence de bois | G9: x | I9: Menuisier

Sheet stratifié
B2: SOMMAIRE
B4: Sol stratifié
B5: Actions a réaliser | C5: Fréquence | D5: Periode | E5: Niveau | I5: Acteurs | J5: Traçabilité | K5: Références | L5: Observations
E6: 1 | F6: 2 | G6: 3 | H6: 4
B7: Effectuer une réfection totale | C7: 10 à 15 ans selon la qualité et passage | G7: x | I7: Technicien | L7: Pour le nettoyage quotidien veiller a bien suivre les préconisations du fabriquant dans l'utulisation des produits de nettoyage

Sheet PVC
B2: SOMMAIRE
B4: Sol PVC
B5: Actions a réaliser | C5: Fréquence | D5: Periode | E5: Niveau | I5: Acteurs | J5: Traçabilité | K5: Références | L5: Observations
E6: 1 | F6: 2 | G6: 3 | H6: 4
B7: Rénover par métallisation | C7: 2 à 5 ans | F7: x | I7: Technicien | L7: Sauf pour les sols PVC revêtus d'un traitement photoréticulé
B8: Effectuer une refection totale | C8: 20 ans | G8: x | I8: Technicien

Sheet tapis_et_moquette
B2: SOMMAIRE
B4: Tapis/Moquette
B5: Actions a réaliser | C5: Fréquence | D5: Periode | E5: Niveau | I5: Acteurs | J5: Traçabilité | K5: Références | L5: Observations
E6: 1 | F6: 2 | G6: 3 | H6: 4
B7: Effectuer une refection totale | C7: 7 à 10 ans | G7: x | I7: Technicien | L7: Ne pas effectuer d'entretien en dehors du shampooinage

Sheet tous_style_de_portes
B2: SOMMAIRE
B4: Porte / porte coulissante / porte en verre / porte double
B5: Actions a réaliser | C5: Fréquence | D5: Periode | E5: Niveau | I5: Acteurs | J5: Traçabilité | K5: Références | L5: Observations
E6: 1 | F6: 2 | G6: 3 | H6: 4
B7: Contrôler le bon fonctionnement et l'état géneral Vérifier l'accroche entre bec de canne et gâche Effectuer un réglage éventuel par resserrage des vis des paumelles, ajout d'une seconde paumelle en tête ou pose de bagues sur les paumelles | C7: Annuelle | F7: x | I7: Technicien | J7: Carnet de santé | L7: Entretien réglementaire annuel
B8: Vérificatin du dispositif de fixation des serrures sur l'ouvrant | C8: semestrielle | F8: x | I8: Technicien | L8: Entretien à réaliser en plus de l'entretien annuel, uniquement pour porte en verre
B9: Nettoyage des rails, des roulements et des pièces de suspension(lubrification si nécessaire) | C9: Annuelle | F9: x | I9: Technicien | L9: Entretien à réaliser en plus de l'entretien annuel, uniquement pour porte coulissante
B10: Nettoyage régulier du culot encastré dans le sol du vantail semi-fixe équipé d'une crémone | C10: Mensuelle | E10: x | I10: Personnel chargé du ménage | L10: Entretien à réaliser en plus de l'entretien annuel, uniquement pour porte double
B11: Opérer une remise en jeu | D11: selon besoin | H11: x | I11: Menuisier
B12: Appliquer une peinture éventuelle | F12: x | I12: Peintre
B13: Serrure et paumelle
B14: Actions a réaliser | C14: Fréquence | D14: Periode | E14: Niveau | I14: Acteurs | J14: Traçabilité | K14: Références | L14: Observations
E15: 1 | F15: 2 | G15: 3 | H15: 4
B16: Lubrifier les mécanismes des serrures et les têtes des paumelles | C16: Annuelle | F16: x | I16: Technicien | J16: Carnet de santé | L16: Eviter l'huile et la graisse qui sont déconseillées dans les cylindres et barillets

Sheet porte_coupe_feu
B2: SOMMAIRE
B4: Porte coupe-feu battante
B5: durée de vie : 20 à 30 ans
B6: Actions a réaliser | C6: Fréquence | D6: Periode | E6: Niveau | I6: Acteurs | J6: Traçabilité | K6: Références | L6: Observations
E7: 1 | F7: 2 | G7: 3 | H7: 4
B8: Test manuel, par détetction et déclenchement automatiques de la porte et vérifier la bonne fermeture (temps, vitesse…) | C8: Mensuelle | F8: x | I8: Technicien | J8: Registre de contrôle | K8: Référentiel APSAD R16 Norme NF S 61-937-2 Norme NF S 61-933
B9: vérifier l'état mécanique (corrosion,serrage…) des pivots et roulements, du ferme porte et bras, des serrures, du sélécteur de vantaux Vérifier les réglages de jeu et d'aplomb de la porte Vérifier la présence et l'état des joints intumescents (qui doivent conserver leurs état d'origine, gainé et de couleur noir) Nettoyer les parements des vantaux afin d'éliminer tout agent agressif et/ou corrosif Vérifier le système de détectio et de déclenchement s'il y a lieu | C9: Selon notice constructeur | I9: Technicien spécialisé | J9: Registre de contrôle | L9: Maintenance préventive, fréquence annuelle conseillée
B10: Vérifier l'état de l'huisserie et du vantail Vérifier l'état des paumelles Vérifier l'état des systèmes de maintien en position d'ouverture Inspecter les systèmes de détection Vérifier la liberté de fonctionnement des dispositifs de fermeture et l'absence d'objet sous la porte Contrôler la fermeture par sollicitation par les organes de détection et contrôler l'ouverture et la fermeture manuelles Vérifier visuellement ou sur dossier l'étanchéité des blocs portes par rapport à leur support et leur environnement | C10: Annuelle ou semestrielle | I10: Technicien spécialisé | J10: Compte rendu de vérificatino périodique Q16 Registre de contrôle | L10: Maintenance périodique, annuelle ou semestrielle pour les installations conformes au réferentiel APSAD R7
B11: Serrure et paumelle
B12: Actions a réaliser | C12: Fréquence | D12: Periode | E12: Niveau | I12: Acteurs | J12: Traçabilité | K12: Références | L12: Observations
E13: 1 | F13: 2 | G13: 3 | H13: 4
B14: Lubrifier les mécanismes des serrures et les têtes des paumelles | C14: Annuelle | F14: x | I14: Technicien | J14: Carnet de santé | L14: Eviter l'huile et la graisse qui sont déconseillées dans les cylindres et barillets

Sheet garde_corps_et_barreaudage
B2: SOMMAIRE
B4: Garde-corps et barreaudage
B5: durée de vie : 25 à 30 ans
B6: Actions a réaliser | C6: Fréquence | D6: Periode | E6: Niveau | I6: Acteurs | J6: Traçabilité | K6: Références | L6: Observations
E7: 1 | F7: 2 | G7: 3 | H7: 4
B8: Contrôler l'état général (soudure, corrosion…) Vérifier l'état des scellements au sol des ouvrages et des fixations mécaniques Contrôler la conformité dimensionnelle | C8: Annuelle | F8: x | I8: Technicien | J8: Carnet de santé | K8: Norme NF P01-012 de juillet 1988 | L8: Une nouvelle norme devrait être publiée en février 2015
B9: Nettoyer sans abrasif les éléments en aluminium laqué ou anodisé Effectuer un examen visuel de l'état de corrosion des autres ouvrages | C9: 2 ans | F9: x | I9: Technicien
B10: Appliquer une peinture antirouille aux ouvrages (hors alu) situés à l'extérieur | C10: 5 à 7 ans | G10: x | I10: Technicien

Sheet echelle_à_crinoline
B2: SOMMAIRE
B4: Echelle à crinoline en acier galvanisé à chaud, en alu ou en inox
B5: Actions a réaliser | C5: Fréquence | D5: Periode | E5: Niveau | I5: Acteurs | J5: Traçabilité | K5: Références | L5: Observations
E6: 1 | F6: 2 | G6: 3 | H6: 4
B7: Vérification visuelle de la structure avant chaque utilisation | D7: A chaque utilisation | E7: x | I7: Utilisateur de l'échelle | K7: Norme NF E85-016 | L7: Pas d'action de maintenance préconisée seulement une vérification visuelle conseillée par le constructeur
B8: Vérifier les scellements muraux | C8: Annuelle | F8: x | I8: Technicien
B9: Echelle à crinoline en acier
B10: Actions a réaliser | C10: Fréquence | D10: Periode | E10: Niveau | I10: Acteurs | J10: Traçabilité | K10: Références | L10: Observations
E11: 1 | F11: 2 | G11: 3 | H11: 4
B12: Effectuer une vérification visuelle de la structure avant chaque utilisation | C12: A chaque utilisation | E12: x | I12: Utilisateur de l'échelle | K12: Norme NF E85-016
B13: Vérifier l'état de corrosion, des fixations et scellements muraux | C13: Annuelle | F13: x | I13: Technicien
B14: Antirouille et peinture | C14: 5 à 7 ans | G14: x | I14: Peintre

Sheet escalier_bois
B2: SOMMAIRE
B4: Escalier bois
B5: Actions a réaliser | C5: Fréquence | D5: Periode | E5: Niveau | I5: Acteurs | J5: Traçabilité | K5: Références | L5: Observations
E6: 1 | F6: 2 | G6: 3 | H6: 4
B7: Vérifier le bon état du bois au niveau des liaisons avec le sol, limon et crémaillère Vérifier les assemblages entre les poteaux et la main courante et entre les balustres et le limon | C7: Annuelle si escalier extérieur 2 ans si intérieur | F7: x | I7: Technicien | J7: Carnet de santé
B8: Vérifier le bon état des fixations et de la crémaillère | C8: 2 ans | F8: x | I8: Technicien | J8: Carnet de santé
B9: Appliquer un traitement du bois ou une peinture | D9: selon besoin | F9: x | I9: Technicien | J9: Carnet de santé

Sheet escalier_métallique
B2: SOMMAIRE
B4: Escalier métallique
B5: Actions a réaliser | C5: Fréquence | D5: Periode | E5: Niveau | I5: Acteurs | J5: Traçabilité | K5: Références | L5: Observations
E6: 1 | F6: 2 | G6: 3 | H6: 4
B7: Nettoyer les nez de marche antidérapants | D7: selon besoin | E7: x | I7: Personnel de nettoyage
B8: Contrôler l'absence de corrosion Vérifier les liaisons entre les différents éléments métalliques rt les liaisons avec le batî (nottament au niveau de l'assise) | C8: Annuelle si escalier extérieur 2 ans si intérieur | I8: Technicien | J8: Carnet de santé | K8: Norme NF E85-015 | L8: Les escaliers métalliques peuvent être des escaliers d'accès ou des escaliers de secours
B9: Appliquer antirouille et peinture | C9: 5 à 7 ans si escalier extérieur (10 à 15 ans si inérieur ) | I9: Peintre | J9: Carnet de santé

Sheet escalier_en_béton
B2: SOMMAIRE
B4: Escalier en béton armé coulé en place ou préfabriqué
B5: Actions a réaliser | C5: Fréquence | D5: Periode | E5: Niveau | I5: Acteurs | J5: Traçabilité | K5: Références | L5: Observations
E6: 1 | F6: 2 | G6: 3 | H6: 4
B7: Nettoyer les mousses | C7: Annuelle | E7: x | I7: Technicien | L7: Si éscalier extérieur
B8: Vérifier l'absence d'éclatements ou de fissuaration | C8: 2 ans | E8: x | I8: Technicien | J8: Carnet de santé

Sheet escalier_en_pierre
B2: SOMMAIRE
B4: Escalier en pierre
B5: Actions a réaliser | C5: Fréquence | D5: Periode | E5: Niveau | I5: Acteurs | J5: Traçabilité | K5: Références | L5: Observations
E6: 1 | F6: 2 | G6: 3 | H6: 4
B7: Nettoyer les mousses | C7: Annuelle | E7: x | I7: Technicien | L7: Si éscalier extérieur
B8: Vérifier les joints entre les marches et les murs | C8: 2 ans | E8: x | I8: Technicien | J8: Carnet de santé

Sheet fuel
B2: SOMMAIRE
B4: Cuve à fuel
B5: Actions a réaliser | C5: Fréquence | D5: Periode | E5: Niveau | I5: Acteurs | J5: Traçabilité | K5: Références | L5: Observations
E6: 1 | F6: 2 | G6: 3 | H6: 4
B7: Vérification de l'état général (étanchéité, abscence de corrosion, le fonctionnement des alarmes, clapet anti-retour, bac de rétention…) nettoyer les filtres et la crépine, manœuvrer les vannes | C7: Annuelle | F7: x | I7: Technicien | K7: Arrêté du 18 avril 2008 C, trav; art. R.4412-25
B8: Vérifier le détetcteur de fuite | C8: Quiquennale | I8: Organisme agrée | K8: Arrêté du 18 avril 2008
B9: Nettoyer et contrôler la cuve après vidange et dégazage | C9: 10 à 15 ans | G9: x | I9: Technicien
B10: Procéder à l'abandon de la cuve enterrée (vidée, dégazée, neutralisée par des matériaux inertes) | C10: 30 à 40 ans | G10: x | I10: Technicien | K10: Arrêté du 1er juillet 2014 Arrêté du 18 avril 2008

Sheet alimentation_gaz
B2: SOMMAIRE
B4: Circuit d'alimentation gaz
B5: Actions a réaliser | C5: Fréquence | D5: Periode | E5: Niveau | I5: Acteurs | J5: Traçabilité | K5: Références | L5: Observations
E6: 1 | F6: 2 | G6: 3 | H6: 4
B7: Vérifier la fermeture du poste gaz Contrôler la présence de la clé de coupure, l'intégrité du plombage ainsi que l'étiquetage Vérifier le fonctionnement du détendeur Inspetcer l'étanchéité du circuit, les tuyauteries Manœuvrer les vannes | C7: Annuelle | G7: x | I7: Technicien | K7: Arrêté du 2 août 1977 Règlement SI pour ERP Arrêté du 10 août 1998 | L7: Si ICPE, contrôle d'étanchéité annuel et après travaux par points chauds

Sheet chaudières
B2: SOMMAIRE
B4: Entretien général à réaliser pour l'ensemble des chaudières (gaz, fuel, bois)
B5: Actions a réaliser | C5: Fréquence | D5: Periode | E5: Niveau | I5: Acteurs | J5: Traçabilité | K5: Références | L5: Observations
E6: 1 | F6: 2 | G6: 3 | H6: 4
B7: Vérifier l'ecoulement des condensats Contrôler les dispositifs de sécurité Contrôler l'étanchéité des raccords Contrôler les débits, les sondes de température Nettoyer la tête de combustion du brûleur Nettoyer les filtres Nettoyer les éléctrodes la cellule de détection de flamme Manœuvrer les vannes | C7: 2 à 6 mois | G7: x | I7: Technicien | J7: Livret de chaufferie | L7: Entretien général conseillé pour l'ensemble des chaudières en plus des obligations réglementaires détaillées ci-dessous
B8: Effectuer l'analyse des paramètres physico-chimiques de l'eau du réseau de chauffage | C8: Annuelle | G8: x | I8: Technicien
B9: Effectuer la réfection de la garniture réfractaire, du calorifugeage, de la peinture antirouille et graisser les éléments | C9: selon besoin | G9: x | I9: Technicien | J9: Livret de chaufferie
B11: Vérifier les organes de sécurité, l'état des conduits de raccordement la pression hydraulique, la ventilation du local, les joints des raccords, nettoyer le brûleur et effetcuer l'entretien du corps de chauffe Vérifications des éléments intégrés (organes de régulation, circulateur d'eau, vase d'expansion...) Effectuer l'entretien du brûleur (fuel ou gaz) (démonter, nettoyer, contrôler...) | C11: Annuelle | G11: x | I11: Technicien | J11: Attestaion d'entretien | K11: C.env;art.R.224-41-4 à R.224-41- Décret 2009-649 Norme NF X50-011 Rgt sécurité incendie ERP art.CH57 et art.CH58 | L11: Chaudières 4kW<PN<400kW d'une durée de vie de 12 à 25 ans En plus de l'entretien général conseillé l'entretien de chaque type de chaudières comprend la vérifications des éléments intégrés, du brûleur (fuel ou gaz), procéder au nettoyage, mesurer le CO2 ambiant, un réglage de la combustion et une vérification des organes de sécurité. Méthode d'entretien à adapter aux types de chaudières (gaz, fuel, bois)
B12: Vérification des organes de sécurité (aquastat, contrôleur de débit et pression, le raccordement éléctrique…) | C12: Annuelle | G12: x | I12: Technicien | J12: Attestaion d'entretien
B13: Procéder au calcul de rendement et vérifier les autres éléments permettant d'améliorer la performance énérgetique Si nécessaire, nettoyer ou régler | C13: 3 mois | D13: pendant la période de chauffe | I13: Technicien compétent | J13: Livret de chaufferie | K13: C.env;art.R.224-28 et 29 | L13: Chaudières 400kW<PN<2 MW d'une durée de vie de 20 à 35 ans Entretien annuel identique à celui des chaudières de puissance inférieure, auquel s'ajout le contrôle périodique de l'efficacité énergétique
B14: Calcul du rendement et contrôle de la conformité de ce rendement Contrôle de l'existence et du bon fonctionnement des appareils de mesure et contrôle Vérification du bon état des installations de distribution situées dans le local chaufferie Contrôle de la ventilation dudit local | C14: 2 ans | G14: x | I14: Organismes accrédités | J14: Rapport annexé au livret de chaufferie | K14: C.env;art.R.224-31 et 38 décret 2009-648
B15: Effectuer le contrôle de l'ICPE Effectuer une vérification électrique | C15: 5 ans ou 10 ans pour les installations certifiée ISO4000, pas de contrôle si EMAS | G15: x | I15: Organismes accrédités | L15: Chaudières 2 MW<PN<20 MW d'une durée de vie de 20 à 35 ans

Sheet conduits_de_fumée
B2: SOMMAIRE
B4: Conduits de fumée
B5: Actions a réaliser | C5: Fréquence | D5: Periode | E5: Niveau | I5: Acteurs | J5: Traçabilité | K5: Références | L5: Observations
E6: 1 | F6: 2 | G6: 3 | H6: 4
B7: Ramoner le conduit de fumée de chaudière | C7: ERP : semestrielle Chaudiére gaz : annuelle Chaudiére fuel et bois : semestrielle | F7: x | I7: Technicien | J7: Registre de sécurité Carnet de santé Certificat de ramonage | K7: Règlement sécurité incendie ERP, art.CH62 et CH 65 Règlement sanitaire départemental type article 31 NF DTU 24-1 | L7: Consulter chaque règlement sanitaire départemental : ceux-ci pouvant augmenter la fréquence obligatoire
B8: Ramoner la cheminée d'agrément | C8: Habitation et ERP : semestrielle | I8: Technicien | J8: Registre de sécurité Carnet de santé Certificat de ramonage

Sheet régulation
B2: SOMMAIRE
B4: Régulation
B5: Actions a réaliser | C5: Fréquence | D5: Periode | E5: Niveau | I5: Acteurs | J5: Traçabilité | K5: Références | L5: Observations
E6: 1 | F6: 2 | G6: 3 | H6: 4
B7: Effectuer un calibrage Vérifier le fonctionnement des régulateurs, programmeurs, automates, les adressages Contrôler les points de consignes et les horloges Vérifier la programmation | C7: Semestrielle | G7: x | I7: Technicien | J7: Livret de chaufferie | L7: La fréquence peut être modifiée en fonction des objectifs d'économie d'énergie

Sheet radiant_gaz
B2: SOMMAIRE
B4: Radiant gaz
B5: Actions a réaliser | C5: Fréquence | D5: Periode | E5: Niveau | I5: Acteurs | J5: Traçabilité | K5: Références | L5: Observations
E6: 1 | F6: 2 | G6: 3 | H6: 4
B7: Contrôler la combustion Vérifier les pressions gaz Contrôler l'étanchéité Contrôler les fixations Nettoyer les éléctrodes, le brûleur et l'injecteur Depoussiérer l'extracteur Ramoner le tube Remplacer les joints Vérifier les organes de sécurité (nettoyer le bloc de sécurité, manœuvrer les vannes, essai de mise en sécurité) | C7: Annuelle | G7: x | I7: Technicien agrée gaz | K7: Règlement de sécurité incendie ERP, art.CH53

Sheet réseau
B2: SOMMAIRE
B4: Réseau
B5: durée de vie : 50 à 60 ans
B6: Actions a réaliser | C6: Fréquence | D6: Periode | E6: Niveau | I6: Acteurs | J6: Traçabilité | K6: Références | L6: Observations
E7: 1 | F7: 2 | G7: 3 | H7: 4
B8: Analyser les paramètres physico chimiques de l'eau et effectuer un traitement si nécessaire Mesurer la pression et faire l'appoint si nécessaire Vérifier l'état général des éléments visibles Contrôler l'étanchéité du réseau Vérifier l'état du calorifugeage | C8: Annuelle | F8: x | I8: Technicien | J8: Livret de chaufferie | L8: En collectif et grosses installations, contrôler le compteur d'appoint d'eau En individuel, ouvrir les robinets thermostatiques l'été Laisser sur le réseau au moins un robinet non thermostatique
B9: Effectuer un équilibrage | C9: Selon besoin | G9: x | I9: Technicien | J9: Livret de chaufferie | L9: Avoir un plan d'équilibrage (source d'économie d'énérgie)
B10: Effectuer un désembouage | C10: 5 ans si réseau PER ou acier 10 ans au remplacement de la chaudière | G10: x | I10: Technicien | J10: Livret de chaufferie | L10: Les problèmes liés à l'embourage du réseau peuvent être limités par la présence de dégazeur et pot à boue et/ou de filtre à tamis magnétique qui seront nettoyés selon besoin

Sheet vanne
B2: SOMMAIRE
B4: Vanne
B5: durée de vie : 20 ans
B6: Actions a réaliser | C6: Fréquence | D6: Periode | E6: Niveau | I6: Acteurs | J6: Traçabilité | K6: Références | L6: Observations
E7: 1 | F7: 2 | G7: 3 | H7: 4
B8: Manœuvrer la vanne Graisser Contrôler l'étanchéité Resserrer si besoin les presse-étoupes Contrôler les joints | C8: Annuelle | F8: x | I8: Technicien | J8: Livret de chaufferie
B9: Renouveler | C9: 15 ans | I9: Technicien | J9: Livret de chaufferie
B10: Vanne motorisée
B11: durée de vie : 20 ans
B12: Actions a réaliser | C12: Fréquence | D12: Periode | E12: Niveau | I12: Acteurs | J12: Traçabilité | K12: Références | L12: Observations
E13: 1 | F13: 2 | G13: 3 | H13: 4
B14: Contrôler le limiteur de pression Contrôler la fixation et l'accouplement vanne-moteur | C14: Annuelle | F14: x | I14: Technicien | J14: Livret de chaufferie | L14: Actions a réaliser en plus des actions pour la vanne classique
B15: Contrôler le limiteur de pression Effectuer une lanoeuvre de fermeture | C15: Trimestrielle | F15: x | I15: Technicien | J15: Livret de chaufferie

Sheet pompe_de_circulation
B2: SOMMAIRE
B4: Pompe de circulation
B5: durée de vei : 10 à 20 ans selon puissance
B6: Actions a réaliser | C6: Fréquence | D6: Periode | E6: Niveau | I6: Acteurs | J6: Traçabilité | K6: Références | L6: Observations
E7: 1 | F7: 2 | G7: 3 | H7: 4
B8: Effectuer une permutation s'il y a lieu Vérifier les pressions entrée/sortie Contrôler l'absence de fuite Contrôler le couplage et l'alignement pompe-moteur Contrôler le moteur (intensité, boîte à borne, isolement, fixation) | C8: Semestrielle | F8: x | I8: Technicien | J8: Livret de chaufferie | L8: Au renouvellement, obligation de pompes à vitesse variable (gain énergétique) depuis le 1er janvier 2013 sauf exception (directive européenne ERP "Energy Related Products")

Sheet disconnecteur
B2: SOMMAIRE
B4: Disconnecteur
B5: Actions a réaliser | C5: Fréquence | D5: Periode | E5: Niveau | I5: Acteurs | J5: Traçabilité | K5: Références | L5: Observations
E6: 1 | F6: 2 | G6: 3 | H6: 4
B7: Si P< 70 kW, disconnecteur type CA | C7: Pas de contrôle
B8: Si P>70 kW, disconnecteur type BA | C8: Annuelle | G8: x | I8: Technicien | J8: Fiche de contrôle Livret de chaufferie | K8: RSDT art.16 Norme NF P43-018

Sheet groupe_maintien_pression
B2: SOMMAIRE
B4: Groupe de maintien de pression
B5: durée de vie : 20 ans
B6: Actions a réaliser | C6: Fréquence | D6: Periode | E6: Niveau | I6: Acteurs | J6: Traçabilité | K6: Références | L6: Observations
E7: 1 | F7: 2 | G7: 3 | H7: 4
B8: Contrôler l'absence de fuite Vidanger et nettoyer la bâche Contrôler le pressostat Mesurer les pressions entrée et sortie Nettoyer les filtres Manœuvrer les vannes | C8: Annuelle | F8: x | I8: Technicien | J8: Livret de chaufferie

Sheet soupape_pression_différentielle
B2: SOMMAIRE
B4: Soupape de pression différentielle
B5: Actions a réaliser | C5: Fréquence | D5: Periode | E5: Niveau | I5: Acteurs | J5: Traçabilité | K5: Références | L5: Observations
E6: 1 | F6: 2 | G6: 3 | H6: 4
B7: Contrôler le bon fonctionnement | C7: Annuelle | I7: Technicien | J7: Livret de chaufferie

Sheet vase_d'expansion
B2: SOMMAIRE
B4: Vase d'expansion
B5: durée de vie : 15 ans
B6: Actions a réaliser | C6: Fréquence | D6: Periode | E6: Niveau | I6: Acteurs | J6: Traçabilité | K6: Références | L6: Observations
E7: 1 | F7: 2 | G7: 3 | H7: 4
B8: Contrôler la pression de gonflage Contrôler l'état général | C8: Annuelle | I8: Technicien | J8: Livret de chaufferie

Sheet radiateur
B2: SOMMAIRE
B4: Radiateur
B5: Actions a réaliser | C5: Fréquence | D5: Periode | E5: Niveau | I5: Acteurs | J5: Traçabilité | K5: Références | L5: Observations
E6: 1 | F6: 2 | G6: 3 | H6: 4
B7: Purger l'air Effectuer la manœuvre et contrôler les vannes d'isolement Effectuer un contrôle visuel de l'état des éventuels points de corrosion Contrôler le robinet thermostatique (durée de vie : fonte >30ans, acier 20 ans, robinet thermostatique 15 ans) | C7: Annuelle | E7: x | I7: Technicien ou utilisateur | J7: Carnet de santé

Sheet plancher_et_plafond_chauffant
B2: SOMMAIRE
B4: Plancher chauffant à eau chaude
B5: Actions a réaliser | C5: Fréquence | D5: Periode | E5: Niveau | I5: Acteurs | J5: Traçabilité | K5: Références | L5: Observations
E6: 1 | F6: 2 | G6: 3 | H6: 4
B7: Verifier l'étanchéité, les vannes Contrôler la pression et faire l'appoint d'eau Vérifier le PH et neutraliser s'il y a lieu Vérifier les sécurités des organes de surchauffe | C7: Annuelle | F7: x | I7: Technicien | J7: Carnet de santé | L7: Traçabilité PH et produits de traitement
B8: Effectuer un désembouage (durée de vie : > 50 ans ) | C8: 10 ans | F8: x | I8: Technicien | J8: Carnet de santé
B9: Plancher chauffant électrique et plafond rayonnant électrique
B10: Actions a réaliser | C10: Fréquence | D10: Periode | E10: Niveau | I10: Acteurs | J10: Traçabilité | K10: Références | L10: Observations
E11: 1 | F11: 2 | G11: 3 | H11: 4
B12: Vérifier les protections Vérifier les organes de régulation et d'asservissement aux tarifs du distributeur d'énergie Vérifier les contacts et connexions Effectuer des mesures de puissance et d'intensité (durée de vie 30 ans) | C12: Annuelle | F12: x | I12: Electricien | J12: Carnet de santé

Sheet convecteur_éléctrique
B2: SOMMAIRE
B4: Convecteur électrique
B5: Actions a réaliser | C5: Fréquence | D5: Periode | E5: Niveau | I5: Acteurs | J5: Traçabilité | K5: Références | L5: Observations
E6: 1 | F6: 2 | G6: 3 | H6: 4
B7: Dépoussiérer les entrées et sorties d'air Nettoyer le convecteur Vérifier les contacts et commandes Contrôler les connexions (durée de vie : 10 à 15 ans) | C7: Annuelle | E7: x | I7: Utilisateur | J7: Carnet de santé

Sheet ventilo_convecteur
B2: SOMMAIRE
B4: Ventilo - convecteur
B5: Actions a réaliser | C5: Fréquence | D5: Periode | E5: Niveau | I5: Acteurs | J5: Traçabilité | K5: Références | L5: Observations
E6: 1 | F6: 2 | G6: 3 | H6: 4
B7: Nettoyer ou remplacer le filtre Dépoussiérer les batteries, ailettes et ventilateur Contrôler l'intensité de la batterie Contrôler le moteur électrique et vérifier les connexions Contrôler les éléments de sécurité Si électrique : vérifier les batteries (intensité absorbée) (durée de vie : 15 ans) | C7: Annuelle | F7: x | I7: Technicien | J7: Carnet de santé

Sheet aérothérme_eau_chaude
B2: SOMMAIRE
B4: Aérotherme à eau chaude
B5: Actions a réaliser | C5: Fréquence | D5: Periode | E5: Niveau | I5: Acteurs | J5: Traçabilité | K5: Références | L5: Observations
E6: 1 | F6: 2 | G6: 3 | H6: 4
B7: Contrôler le filtre Dépoussiérer les batteries et le ventilateur Manœuvrer et contrôler les vannes d'isolement Contrôler le fonctionnement de la régulation Contrôler les éléments de sécurité Si électrique : contrôler l'intensité de la batterie et vérifier les connexions (durée de vie 20 ans) | C7: Annuelle | G7: x | I7: Technicien | J7: Carnet de santé

Sheet VMC_simple_flux
B2: SOMMAIRE
B4: VMC
B5: durée de vie : 30 ans
B6: Actions a réaliser | C6: Fréquence | D6: Periode | E6: Niveau | I6: Acteurs | J6: Traçabilité | K6: Références | L6: Observations
E7: 1 | F7: 2 | G7: 3 | H7: 4
B8: Nettoyer les bouches d'extraction | C8: Semestrielle | E8: x | I8: Utilisateur ou technicien | L8: Dans les cuisines, le nettoyage devrait être fait tous les trois mois
B9: Nettoyer les bouches d'entrée d'air | C9: Annuelle | E9: x | I9: Utilisateur ou technicien
B10: Contrôler l'état général Mesurer ou observer le débit au niveau des bouches Entretenir le caisson de la VMC ou la tourelle Nettoyer les pales du ventilateur (sauf si tourelle ou motoventilateur) Contrôler la courroie de transmission Vérifier l'alignement moteur Vérifier éventuellement le report d'alarme Verifier le pressostat Verifier les connexions életriques Contrôler les vibrations et le niveau de bruit Vérifier la non-obstruction des bouches et des passages de transit Dans les lieux de travail, vérifier le débit minimal d'air neuf | C10: Annuelle | G10: x | I10: Technicien compétent | J10: Carnet de maintenance | K10: RSDT, art.40 Arrêté du 24 mars 1982 modifié | L10: Si tourelle, prendre en compte les risques de chutes de hauteur liés à l'l'accés en toiture et à l'intervention (voir DIUO)
B11: Vérifier le circuit aéraulique(conduit, purge, siphon) | C11: Quiquennale | G11: x | I11: Technicien
B12: Contrôler le débit global minimal d'air neuf de l'insallation Examiner l'état des éléments de l'installation, des filtres et des systèmes de traitement de l'air Contrôler les pressions statiques ou les vitesses d'air aux points caractéristiques de l'installation | C12: Annuelle | G12: x | I12: Tchnicien compétent | J12: Dossier de maintenance | K12: C.trav; art. R.4222-1 à 17 Arrêté du 8 octobre 1987 modifié | L12: Pour les locaux à pollution non spécifique recevant des travailleurs
B13: Contrôler la concentration en poussières sans effet spécifique ou en autres polluants dans les gaines de recyclage ou à leur sortie dans un écoulement canalisé Contrôler tous les systèmes de surveillance mis en œuvre | C13: Semestrielle | I13: Technicien compétent | J13: Dossier de maintenance | L13: Pour les locaux à pollution spécifique recevant des travailleurs
B14: Contrôler le débit global d'air extrait par installation Contrôler les pressions statiques ou les vitesses d'air au xpoints caractéristiques de l'installation, nottament aux systèmes de captage Examiner l'état de tous les éléments de l'installation | C14: Annuelle | I14: Technicien compétent | J14: Dossier de maintenance
B15: Contrôler l'état apparent d'entretien et de maintenance des installations et appareils Le fonctionnment des clapets coupe-feu installés sur les circuits aérauliques La signalisation des dispositifs de sécurité L'étanchéité des canalisations d'alimentation en fluide frigorigène | C15: Annuelle | G15: x | I15: Technicien compétent | J15: Registre sécurité | K15: Reglement de sécurité incendie art.CH58 | L15: Pour les ERP
B16: Surveillance de la qualité de l'air dans certains ERP (évaluer les moyens d'aération des bâtiments, mesurer les polluants) | C16: 7 ans ( 2 ans si un polluant au-delà des seuils) | G16: x | I16: Orgaisme agrée | J16: Registre sécurité | K16: C,env;art.R.221-30

Sheet VMC_double_flux
B2: SOMMAIRE
B4: VMC
B5: durée de vie : 30 ans
B6: Actions a réaliser | C6: Fréquence | D6: Periode | E6: Niveau | I6: Acteurs | J6: Traçabilité | K6: Références | L6: Observations
E7: 1 | F7: 2 | G7: 3 | H7: 4
B8: Nettoyer les bouches d'extraction | C8: Semestrielle | E8: x | I8: Utilisateur ou technicien | L8: Dans les cuisines, le nettoyage devrait être fait tous les trois mois
B9: Nettoyer les bouches d'entrée d'air | C9: Annuelle | E9: x | I9: Utilisateur ou technicien
B10: Contrôler l'état général Mesurer ou observer le débit au niveau des bouches Entretenir le caisson de la VMC ou la tourelle Nettoyer les pales du ventilateur (sauf si tourelle ou motoventilateur) Contrôler la courroie de transmission Vérifier l'alignement moteur Vérifier éventuellement le report d'alarme Verifier le pressostat Verifier les connexions életriques Contrôler les vibrations et le niveau de bruit Vérifier la non-obstruction des bouches et des passages de transit Dans les lieux de travail, vérifier le débit minimal d'air neuf | C10: Annuelle | G10: x | I10: Technicien compétent | J10: Carnet de maintenance | K10: RSDT, art.40 Arrêté du 24 mars 1982 modifié | L10: Si tourelle, prendre en compte les risques de chutes de hauteur liés à l'l'accés en toiture et à l'intervention (voir DIUO)
B11: Vérifier le circuit aéraulique(conduit, purge, siphon) | C11: Quiquennale | G11: x | I11: Technicien
B12: Contrôler le débit global minimal d'air neuf de l'insallation Examiner l'état des éléments de l'installation, des filtres et des systèmes de traitement de l'air Contrôler les pressions statiques ou les vitesses d'air aux points caractéristiques de l'installation | C12: Annuelle | G12: x | I12: Tchnicien compétent | J12: Dossier de maintenance | K12: C.trav; art. R.4222-1 à 17 Arrêté du 8 octobre 1987 modifié | L12: Pour les locaux à pollution non spécifique recevant des travailleurs
B13: Contrôler la concentration en poussières sans effet spécifique ou en autres polluants dans les gaines de recyclage ou à leur sortie dans un écoulement canalisé Contrôler tous les systèmes de surveillance mis en œuvre | C13: Semestrielle | I13: Technicien compétent | J13: Dossier de maintenance | L13: Pour les locaux à pollution spécifique recevant des travailleurs
B14: Contrôler le débit global d'air extrait par installation Contrôler les pressions statiques ou les vitesses d'air au xpoints caractéristiques de l'installation, nottament aux systèmes de captage Examiner l'état de tous les éléments de l'installation | C14: Annuelle | I14: Technicien compétent | J14: Dossier de maintenance
B15: Contrôler l'état apparent d'entretien et de maintenance des installations et appareils Le fonctionnment des clapets coupe-feu installés sur les circuits aérauliques La signalisation des dispositifs de sécurité L'étanchéité des canalisations d'alimentation en fluide frigorigène | C15: Annuelle | G15: x | I15: Technicien compétent | J15: Registre sécurité | K15: Reglement de sécurité incendie art.CH58 | L15: Pour les ERP
B16: Surveillance de la qualité de l'air dans certains ERP (évaluer les moyens d'aération des bâtiments, mesurer les polluants) | C16: 7 ans ( 2 ans si un polluant au-delà des seuils) | G16: x | I16: Orgaisme agrée | J16: Registre sécurité | K16: C,env;art.R.221-30
B17: Vérification a effectuer en plus pour une VMC double flux
B18: Actions a réaliser | C18: Fréquence | D18: Periode | E18: Niveau | I18: Acteurs | J18: Traçabilité | K18: Références | L18: Observations
E19: 1 | F19: 2 | G19: 3 | H19: 4
B20: Nettoyer les filtres et l'échangeur | C20: Trimestrielle | F20: x | I20: Technicien compétent | J20: Carnet de maintenance | K20: RSDT, art.40 C.trav; art.R.4222-20 à 22 Règlement sécurité incendie ERP, CH58 Arrêté du 8 octobre 1987 | L20: En logement collectif, il est préferable de pouvoir accéder aux caissons et aux filtres pour l'entretien trimestriel
B21: Nettoyer les filtres et l'échangeur Contrôler les débits d'air | C21: Annuelle | G21: x | I21: Technicien compétent | J21: Carnet de maintenance
B22: Nettoyer le circuit aéraulique Contrôler l'évacuation des condensats Contrôler et régler les débits d'air | C22: Quiquennale | G22: x | I22: Technicien compétent | J22: Carnet de maintenance

Sheet VMC_gaz
B2: SOMMAIRE
B4: VMC Gaz
B5: Actions a réaliser | C5: Fréquence | D5: Periode | E5: Niveau | I5: Acteurs | J5: Traçabilité | K5: Références | L5: Observations
E6: 1 | F6: 2 | G6: 3 | H6: 4
B7: Vérifier la conformité des dispositifs de sécurité Vérifier le bon fonctionnement de ces dispositifs | D7: Avant mise en service | G7: x | I7: Entreprise qualifiée | J7: Attestation de conformité essai COPREC | K7: Arrêté et circulaire du 25 avril 1985 modifiés par arrêté du 30 mai 1989 | L7: Contrat de maintenance avec un professionnel obligatoire
B8: Entretenir le caisson de VMC ou la tourelle Nettoyer les pales du ventilateur Remplacer les courroies de transmission Vérifier les paliers, l'alignement moteur, le pressostat, les connexions électriques, les caractéristiques de fonctionnement du ventilateur, l'état de fonctionnement des bouches d'entrée d'air et d'extraction,, le circuit aéraulique, le fonctionnement des alarmes, la chaîne de transmission de défaut du dispositif de sécurité collective et la conformité | C8: Annuelle | G8: x | I8: Entreprise qualifiée | J8: Certificat annuel
B9: Vérifier le bon raccordement des conduits aérauliques au caisson de VMC sur une terrasse | D9: Après une tempête | G9: x | I9: Entreprise qualifiée | J9: Certificat annuel
B10: Effectuer un contrôle et un réglage complet de l'installation Essayer l'ensemble du dispositif de sécurité collective avec arrêt de l'extracteur et contrôle de l'arrêt de chaque appreil gaz raccordé | C10: Quiquennale | H10: x | I10: Entreprise qualifiée | J10: Certificat quiquennale selon décret du 30 mai 1989 | L10: Faire test pour DSC

Sheet groupe_froid
B2: SOMMAIRE
B4: Groupe froid et pompe à chaleur (entretien identique à la différence que la PAC peut distribuer de l'eau chaude ou de l'eau froide)
B5: durée de vie du cmpresseur : 15 ans
B6: Actions a réaliser | C6: Fréquence | D6: Periode | E6: Niveau | I6: Acteurs | J6: Traçabilité | K6: Références | L6: Observations
E7: 1 | F7: 2 | G7: 3 | H7: 4
B8: Contôler l'étanchéité du circuit de fluide frigorigène | C8: Annuelle si : 2kg<charge<30kg Semestrielle si : 30kg<charge<300kg Trimestrielle si : charge >300kg | G8: x | I8: Entreprise possédant une attestation de capacité | J8: Fiche de contrôle d'étanchéité | K8: C.env; art.R.543-75 à 83 et R.543-99 Décret n°2007-737 et Arrêté du 7 mai 2007
B9: Mesurer les performances Contrôler les pressions HP/BP Contrôler et nettoyer les ventilateurs et le condenseur Contrôler les résistances du carter Analyser l'huile Contrôler l'antigel Contrôler la cartouche du déshydrateur Nettoyer les filtres, remplacer si besoin Contrôler l'état du compresseur et des connexions éléctriques Contrôler la régulation et les organes de sécurité Nettoyer le bac à condensats | C9: Annuelle | G9: x | I9: Technicien | J9: Carnet de santé | L9: Contrôle général de la production de froid
B10: Mesurer la température départ/retour eau glacé Contrôler le débit et ΔP Vérifier les pompes Contrôler les garnitures Tester les sécurités et l'alarme Vérifier l pressiond du vase d'expansion Vérifier l'étanchéité du réseau d'eau glacé Contrôler l'étanchéité du calorifugeage | C10: Annuelle | G10: x | I10: Technicien | J10: Carnet de santé | L10: Contrôle général distribution
B11: Contrôler l'état apparent d'entretien et de maintenance des installations et appareils | C11: Annuelle | G11: x | I11: Technicien | J11: Registre de sécurité | K11: Règlement sécurité incendie ERP, art.CH58
B12: Faire une inspection documentaire Evaluer le rendement Evaluer le bon dimensionnement Faire des recommandations portant sur le bon usage, les améliorations possible de l'installation | C12: 5 ans | G12: x | I12: Inspecteur certifié selon la norme NF EN ISO/CEI 17024 | J12: Rapport d'inspection | K12: C.env;art.R.224-59-1 à R.224-59-11 Arrêté du 16 avril 2010 PN>12 kW | L12: Vérification réglementaire des groupes froids de puissance ⩾12kW

Sheet PAC
B2: SOMMAIRE
B4: Groupe froid et pompe à chaleur (entretien identique à la différence que la PAC peut distribuer de l'eau chaude ou de l'eau froide)
B5: durée de vie du cmpresseur : 15 ans
B6: Actions a réaliser | C6: Fréquence | D6: Periode | E6: Niveau | I6: Acteurs | J6: Traçabilité | K6: Références | L6: Observations
E7: 1 | F7: 2 | G7: 3 | H7: 4
B8: Contôler l'étanchéité du circuit de fluide frigorigène | C8: Annuelle si : 2kg<charge<30kg Semestrielle si : 30kg<charge<300kg Trimestrielle si : charge >300kg | G8: x | I8: Entreprise possédant une attestation de capacité | J8: Fiche de contrôle d'étanchéité | K8: C.env; art.R.543-75 à 83 et R.543-99 Décret n°2007-737 et Arrêté du 7 mai 2007
B9: Mesurer les performances Contrôler les pressions HP/BP Contrôler et nettoyer les ventilateurs et le condenseur Contrôler les résistances du carter Analyser l'huile Contrôler l'antigel Contrôler la cartouche du déshydrateur Nettoyer les filtres, remplacer si besoin Contrôler l'état du compresseur et des connexions éléctriques Contrôler la régulation et les organes de sécurité Nettoyer le bac à condensats | C9: Annuelle | G9: x | I9: Technicien | J9: Carnet de santé | L9: Contrôle général de la production de froid
B10: Mesurer la température départ/retour eau glacé Contrôler le débit et ΔP Vérifier les pompes Contrôler les garnitures Tester les sécurités et l'alarme Vérifier l pressiond du vase d'expansion Vérifier l'étanchéité du réseau d'eau glacé Contrôler l'étanchéité du calorifugeage | C10: Annuelle | G10: x | I10: Technicien | J10: Carnet de santé | L10: Contrôle général distribution
B11: Contrôler l'état apparent d'entretien et de maintenance des installations et appareils | C11: Annuelle | G11: x | I11: Technicien | J11: Registre de sécurité | K11: Règlement sécurité incendie ERP, art.CH58
B12: Faire une inspection documentaire Evaluer le rendement Evaluer le bon dimensionnement Faire des recommandations portant sur le bon usage, les améliorations possible de l'installation | C12: 5 ans | G12: x | I12: Inspecteur certifié selon la norme NF EN ISO/CEI 17024 | J12: Rapport d'inspection | K12: C.env;art.R.224-59-1 à R.224-59-11 Arrêté du 16 avril 2010 PN>12 kW | L12: Vérification réglementaire des groupes froids de puissance ⩾12kW

Sheet tour_de_refroidissement
B2: SOMMAIRE
B4: Tour de refroidissement
B5: durée de vie : 20 à 30 ans
B6: Actions a réaliser | C6: Fréquence | D6: Periode | E6: Niveau | I6: Acteurs | J6: Traçabilité | K6: Références | L6: Observations
E7: 1 | F7: 2 | G7: 3 | H7: 4
B8: Vérifier le bon fonctionnement du traitement de l'eau Contrôler le régime hydraulique Vérifier le bon fonctionnement de l'appoint d'eau et relever le compteur d'appoint Relever les températures d'eau Contrôler la propreté des surfaces des parois de la tour Vérifier l'état du packing, des rampes de pulvérisation, du séparateur de gouttelettes et le tamis du bassin Vérifier les appareils du traitement et de mesures | C8: Mensuelle Hebdomadaire au démarrage | G8: x | I8: Technicien | J8: Carnet de suivi Carnet sanitaire dans les ERP santé et spé Déclaration des mesures sur GIDAF | K8: Arrêté du 13 décembre 2004 et décret du 14 décembre 2013 Circulaire DGS/VS n°98-771 du 31 décembre 1998 Circulaire DGS/SD7A-SD5C-DHOS/E4 du 22 avril 2002 Circulaire DGS/SD7A-DHOSIE4-DGAS/SD2 n°2005-493 du 28 octobre 2005 Instruction DGS EA4 n°2013-34 du 30 janvier 2013 | L8: Vérifier l'affichage de sécurité Risques de contamination Rsiques de chute de hauteurs
B9: Effectuer l'analyse de légionelles dans l'eau | C9: Mensuelle Bimestrielle puis trimstrielle selon analyse | F9: x | I9: Technicien
B10: Contrôler le ventilateur Contrôler le réducteur de vitesse e changer l'huile Contrôler le disconnecteur | C10: Semestrielle | G10: x | I10: Technicien
B11: Mesurer les performances de l'installation Contrôler l'état du circuit et les éléments de pulvérisation Contrôler l'étanchéité Mesurer les caractéristiques physico-chimiques de l'eau Contrôler les vannes et les pompes (voir plomberie) Contrôler le moteur : connexions, intensité et isolement | C11: Annuelle | G11: x | I11: Technicien
B12: Arrêt de l'installation : vidanger le cirucuit d'eau, nettoyer et désinfecter l'ensemble de l'installation (bac, canalisations…) | C12: Annuelle | G12: x | I12: Technicien
B13: Contrôler | C13: 2 ans Annuelle si pas d'arrêt de l'installation | I13: Organisme agrée par le ministère chargé des installations classées | K13: Arrêté du 13 décembre 2004 et décret du 14 décembre 2013 Circulaire AM 2921 du 8 décembre 2005

Sheet CTA
B2: SOMMAIRE
B4: CTA
B5: durée de vie : 20 ans
B6: Actions a réaliser | C6: Fréquence | D6: Periode | E6: Niveau | I6: Acteurs | J6: Traçabilité | K6: Références | L6: Observations
E7: 1 | F7: 2 | G7: 3 | H7: 4
B8: Effectuer un relevé des températures d'air neuf, de reprise et de soufflage Contrôler la position des volets et registres Mesurer les pertes de charge au niveau des filtres (si non automatique) et les changer si nécessaire Vérifier le bon écoulement des condensats Contrôler le compteur d'appoint de l'humidificateur, s'il y a lieu | C8: Trimestrielle | G8: x | I8: Technicien | J8: Livret d'entretien CTA | K8: C.trav;art.R.4222-1 à 17 Circulaire DGS/SD7A-SD5C-DHOS/E4 du 22 avril 2002 Circulaire DGS/SD7A-DHOSIE4-DGAS/SD2 n°2005-493 du 28 octobre 2005
B9: Nettoyer le caisson, les ventilateurs et registres Contrôler les éléments antivibratiles Contrôler les vannes et servomoteur Contrôler l'intensité des batteries Effectuer une vérification du moteur et du ventilateur | C9: Semestrielle | G9: x | I9: Technicien
B10: Vérifier L'étanchéité des batteries chaudes et froides Mesurer les pertes de charges dans le circuit d'eau Contrôler l'étanchéité et la vacuité du circuit aéraulique Cobtrôler la régulation | C10: Annuelle | G10: x | I10: Technicien
B11: Contrôler le débit global minimal d'air neuf de l'installation Examiner l'état des élements de l'installation et d'extraction et des filtres Examiner l'état des systèmes de traitement de l'air Contrôler les pressions statiques ou les vitesses d'air aux points caractéristiques de l'installation | C11: Annuelle | G11: x | I11: Technicien | J11: Dossier de maintenance | K11: C.trav;art.R.4222-1 à 17 Arrêté du 8 octobre 1987 modifié | L11: Pour locaux à pollution non spécifique
B12: Contrôler la concentration en poussières sans effet spécifique ou en autre polluants dans les gaines de recyclage ou à leur sortie Contrôler tous les systèmes de surveillance mis en œuvre | C12: Semestrielle | G12: x | I12: Technicien | L12: Pour locaux à pollution spécifique
B13: contrôler le débit global d'air extrait par l'installation Contrôler les pressions statiques des vitesses d'air aux points caractéristiques de l'installation notamment aux systèmes de captage Examiner l'état de tous les élements de l'installation | C13: Annuelle | G13: x | I13: Technicien | L13: Pour locaux à pollution spécifique
B14: Contrôler l'état apparent d'entretien et de maintenance des installations et appareils Contrôler le fonctionnment des clapets coupe-feu installés sur les circuits aéraulique Contrôler la signalisation des dispositifs de sécurité Contrôler l'étanchéité des canalisations d'alimentation en fluide frigorigène | C14: Annuelle | G14: x | I14: Technicien | J14: Registre de sécurité | K14: Règlement de sécurité incendie ERP,art.CH58 | L14: Vérifier la conformité des dispositifs de sécurité La vérification des asservissements liés au SSI est vue dans la fiche SSI
B15: Surveillance de la qualité de l'air dans certains ERP (evaluer les moyens d'aération des bâtiements , mesurer les polluants…) | C15: 7 ans (2ans si polluant) | G15: x | I15: Organisme agrée | J15: Registre de sécurité | K15: C.env;art.R.221-30

Sheet split
B2: SOMMAIRE
B4: Split system et multi-split
B5: Actions a réaliser | C5: Fréquence | D5: Periode | E5: Niveau | I5: Acteurs | J5: Traçabilité | K5: Références | L5: Observations
E6: 1 | F6: 2 | G6: 3 | H6: 4
B7: Contrôle de l'étanchéité du circuit de fluide frigorigène | C7: Annuelle si 2kg<charge<30kg | G7: x | I7: Entreprise possédant une attestation de capacité | J7: Fiche de contrôle d'étanchéité | K7: C.env;art.R.543-75 à 83 et R.543-99 Arrêté du 7 mai 2007 Décret n°2007-737
B8: Si charge <2kg, contrôler l'étanchéité du circuit frigorigène, la charge de fluide frigorigène et l'acidité du fluide Vérifier l'état des filtres, les nettoyer ou les changer selon besoin Contrôler le ventilateur, le compresseur Contrôler les connexions er le serrage des cables électriques Nettoyer les échangeurs Contrôler les températures et les pressions du circuit frigorifique Contrôler les pressostats et la bonne evacuation des condensats Vérifier la pompe d'évacuation des condensats (si présente) Contrôler et traiter les points d'oxydation sur les unités intérieures et extérieures Vérifier l'état du calorifugeage | C8: Annuelle | G8: x | I8: Technicien | J8: Carnet de santé
B9: Effectuer une inspection documentaire Evaluer le rendement Evaluer le bon dimensionnement Faire des recommandations portant sur le bon usage, les améliorations possibles de l'installation | C9: 5 ans | G9: x | I9: Inspecteur certifié selon la norme NF EN ISO/CEI 17024 | J9: Rapport d'inspection | K9: C.env;art.R.224-59-1 à R.224-59-11 Arrêté du 16 avril 2010 PN>12 kW | L9: Vérification réglementaire a effectuer pour des groupes froids de puissance ⩾12kW

Sheet réseau_aéraulique
B2: SOMMAIRE
B4: Réseau aéraulique
B5: durée de vie : 30 ans
B6: Actions a réaliser | C6: Fréquence | D6: Periode | E6: Niveau | I6: Acteurs | J6: Traçabilité | K6: Références | L6: Observations
E7: 1 | F7: 2 | G7: 3 | H7: 4
B8: Nettoyer et renouveler les filtres | D8: Selon besoin | F8: x | I8: Technicien | J8: Carnet de santé
B9: Vérifier la vacuité et la bonne étanchéité des gaines Contrôler l'état des manchettes Nettoyer les grilles d'air neuf, les bouches d'extraction, les diffuseurs Contrôler la position des registres et clapets Graisser les axes si besoin Vérifier les fixations et les dispositifs anti-vibratiles | C9: Annuelle | G9: x | I9: Technicien | J9: Carnet de santé | K9: Arrêté et circulaire du 25 avril 1985 modifiés Arrêté du 30 mai 1989 C.trav;art.R.4222-1 à 17 Etablissements de santé norme NF S 90-351
B10: Contrôler les clapets coupe-feu | C10: Annuelle | G10: x | I10: Technicien compétent | J10: Carnet de santé Registre de sécurité | K10: Règlement de sécurité incendie ERP,art.CH58
B11: Nettoyer les gaines Désinfecter les gaines Reprendre les liaisons défectueuses | D11: Selon besoin | G11: x | I11: Technicien | J11: Carnet de santé

Sheet cassette
B2: SOMMAIRE
B4: Cassette
B5: Actions a réaliser | C5: Fréquence | D5: Periode | E5: Niveau | I5: Acteurs | J5: Traçabilité | K5: Références | L5: Observations
E6: 1 | F6: 2 | G6: 3 | H6: 4
B7: Contrôler l'état général Nettoyer ou remplacer le filtre Contrôler et régler le thermostat et la régulation Contrôler les connexions et protections éléctriques Dépoussiérer et vérifier l'évaporateur Nettoyer le bac de condensat Contrôler le moto-ventilateur Changer les piles de la télecommande | C7: Annuelle | G7: x | I7: Technicien | J7: Carnet de santé

Sheet réseau_eau_froide
B2: SOMMAIRE
B4: Réseau d'eau froide
B5: Actions a réaliser | C5: Fréquence | D5: Periode | E5: Niveau | I5: Acteurs | J5: Traçabilité | K5: Références | L5: Observations
E6: 1 | F6: 2 | G6: 3 | H6: 4
B7: Contrôler l'absence de fuite Contrôler les supports de tuyauterie Vérifier l'état des canalisations Mesurer la pression Nettoyer les filtres Effectuer une chasse manuel Effectuer une analyse physico chimique de l'eau | C7: Annuelle | F7: x | I7: Technicien | J7: Carnet de santé Fichier sanitaire | K7: C.santé publ; art. L. 1321-1 et suivants Arrêté du 11 janvier 2007
B8: Effectuer un repérage du réseau | C8: 2 à 5 ans selon exploitation | F8: x | I8: Technicien | L8: Etre particulièrement vigilant lors de travaux ou de modifications de l'exploitation du bâtiment
B9: Nettoyer désinfecter | D9: selon besoin | G9: x | I9: Technicien | L9: Durée de vie 30 ans

Sheet protection_contre_retour_d'eau
B2: SOMMAIRE
B4: Installation de protection contre le retour d'eau : clapet anti-retour, disconnecteur
B5: Actions a réaliser | C5: Fréquence | D5: Periode | E5: Niveau | I5: Acteurs | J5: Traçabilité | K5: Références | L5: Observations
E6: 1 | F6: 2 | G6: 3 | H6: 4
B7: Faire des essais de pressions statique et dynamique Vérifier l'étanchéité des organes Vérifier et tester l'ensemble des élements (si clapet anti retour contrôlable ou disconnecteur type BA) | C7: Annuelle | G7: x | I7: Technicien vérificateur qualifié | J7: Fiche de contrôle | K7: RSDT, art.16 Norme NF P43-018 Norme NF P43007 | L7: Durée de vie 30 ans
B9: Installation de protection contre le retour (clapet anti-retour, disconnecteur)
B10: Actions a réaliser | C10: Fréquence | D10: Periode | E10: Niveau | I10: Acteurs | J10: Traçabilité | K10: Références | L10: Observations
E11: 1 | F11: 2 | G11: 3 | H11: 4
B12: Tester et vérifier l'ensemble des éléments, l'étanchéité des organes Effectuer des essais de pressions statique et dynamique | C12: Annuelle | I12: Technicien vérificateur qualifié | J12: Fiche de contrôle | K12: RSDT art.16 Norme NF P43-018 Norme NF P43007 | L12: Durée de vie 30 ans

Sheet limiteur_de_pression
B2: SOMMAIRE
B4: Limiteur de pression
B5: Actions a réaliser | C5: Fréquence | D5: Periode | E5: Niveau | I5: Acteurs | J5: Traçabilité | K5: Références | L5: Observations
E6: 1 | F6: 2 | G6: 3 | H6: 4
B7: Contrôler l'étanchéité et mesurer la pression de sortie | C7: Annuelle | F7: x | I7: Technicien | J7: Carnet de santé | L7: Durée de vie 30 ans

Sheet surpresseur
B2: SOMMAIRE
B4: Surpresseur
B5: Actions a réaliser | C5: Fréquence | D5: Periode | E5: Niveau | I5: Acteurs | J5: Traçabilité | K5: Références | L5: Observations
E6: 1 | F6: 2 | G6: 3 | H6: 4
B7: Contrôler l'absence de fuite Contrôler le pressostat Mesurer les pressions d'entrée et de sortie Nettoyer le filtre Tester les purgeurs Manœuvrer les vannes Entretenir le moteur | C7: Annuelle | G7: x | I7: Technicien | J7: Carnet de santé | L7: Durée de vie 20 ans

Sheet vannes
B2: SOMMAIRE
B4: Vannes
B5: Actions a réaliser | C5: Fréquence | D5: Periode | E5: Niveau | I5: Acteurs | J5: Traçabilité | K5: Références | L5: Observations
E6: 1 | F6: 2 | G6: 3 | H6: 4
B7: Manœuvrer les vannes Vérifier le bon fonctionnement Resserrer les presse-étoupes Contrôler les joints Vérifier le repérage | C7: Annuelle | F7: x | I7: Technicien | J7: Carnet de santé | L7: Durée de vie 20 ans

Sheet robinetterie
B2: SOMMAIRE
B4: Robinetterie
B5: Actions a réaliser | C5: Fréquence | D5: Periode | E5: Niveau | I5: Acteurs | J5: Traçabilité | K5: Références | L5: Observations
E6: 1 | F6: 2 | G6: 3 | H6: 4
B7: Vérifier le bon fonctionnement et l'absence de fuite Nettoyer , manœuvrer Détartrer et essayer la robinetterie | C7: Annuelle | F7: x | I7: Technicien | J7: Carnet de santé Fichier sanitaire | K7: RSDT, art.18 | L7: Si besoin graisser, roder les sièges, remplacer les clapets et joints, changer les disques et cartouche Durée de vie 15 à 20 ans

Sheet adoucisseur
B2: SOMMAIRE
B4: Adoucisseur
B5: Actions a réaliser | C5: Fréquence | D5: Periode | E5: Niveau | I5: Acteurs | J5: Traçabilité | K5: Références | L5: Observations
E6: 1 | F6: 2 | G6: 3 | H6: 4
B7: Analyser la qualité de l'eau Contrôler le niveau de sel et en ajouter si besoin Nettoyer la toile filtrante ou changer la cartouche Régénerer les résines | C7: Semestrielle ou Trimestrielle (dans établissement de santé) | E7: x | I7: Utilisateur ou technicien | J7: Carnet de santé Fichier sanitaire | K7: Arrêté du 11 janvier 2007 | L7: Adoucisseur durée de vie 15 à 20 ans
B8: Nettoyer vanne, crépine et canne d'aspiration Nettoyer le bac et les by-pass Controler l'éléctrovanne | C8: Annuelle | G8: x | I8: technicien spécilaisé
B9: Remettre en état les résines | C9: 5 ans | G9: x | I9: technicien spécilaisé

Sheet chasse_d'eau
B2: SOMMAIRE
B4: Mécanisme de chasse d'eau
B5: Actions a réaliser | C5: Fréquence | D5: Periode | E5: Niveau | I5: Acteurs | J5: Traçabilité | K5: Références | L5: Observations
E6: 1 | F6: 2 | G6: 3 | H6: 4
B7: Vérifier le bon fonctionnement | C7: Annuelle | E7: x | I7: technicien | K7: RSDT, art.18 | L7: Durée de vie de 5 à 10 ans
B8: Changer le mécanisme | C8: 5 à 10 ans | F8: x

Sheet siphon
B2: SOMMAIRE
B4: Siphon des appareils sanitaires
B5: Actions a réaliser | C5: Fréquence | D5: Periode | E5: Niveau | I5: Acteurs | J5: Traçabilité | K5: Références | L5: Observations
E6: 1 | F6: 2 | G6: 3 | H6: 4
B7: Nettoyer | C7: Annuelle | F7: x | I7: Technicien

Sheet appareil_sanitaires
B2: SOMMAIRE
B4: Appareil sanitaires
B5: Actions a réaliser | C5: Fréquence | D5: Periode | E5: Niveau | I5: Acteurs | J5: Traçabilité | K5: Références | L5: Observations
E6: 1 | F6: 2 | G6: 3 | H6: 4
B7: Détartrer | C7: Annuelle | E7: x | I7: Utilisateur ou personnel de nettoyage | L7: Durée de vie 30 ans

Sheet chauffe_eau_éléctrique
B2: SOMMAIRE
B4: Chauffe-eau électrique
B5: Actions a réaliser | C5: Fréquence | D5: Periode | E5: Niveau | I5: Acteurs | J5: Traçabilité | K5: Références | L5: Observations
E6: 1 | F6: 2 | G6: 3 | H6: 4
B7: Tester la soupape de sécurité | C7: semestrielle | F7: x | I7: Technicien | J7: Carnet de santé | L7: Durée de vie 15 ans
B8: Effectuer une chasse de 5 à 10˚/˳ en partie basse sur les productions collectives | C8: semestrielle hebdomadaire en hospitalier | F8: x
B9: Vérifier l'anode, la résistance et la validité de la température de consigne | C9: Annuelle | F9: x
B10: Vidanger, inspecter, détartreret désinfecter le ballon | C10: 2 à 5 ans Annuelle en CH | G10: x
B11: Changer le groupe de sécurité | C11: 5 à 10 ans selon besoin | G11: x

Sheet chauffe_eau_gaz
B2: SOMMAIRE
B4: Chauffe-eau électrique
B5: Actions a réaliser | C5: Fréquence | D5: Periode | E5: Niveau | I5: Acteurs | J5: Traçabilité | K5: Références | L5: Observations
E6: 1 | F6: 2 | G6: 3 | H6: 4
B7: Tester la soupape de sécurité | C7: semestrielle | F7: x | I7: Technicien | J7: Carnet de santé | L7: Durée de vie 15 ans
B8: Effectuer une chasse de 5 à 10˚/˳ en partie basse sur les productions collectives | C8: semestrielle hebdomadaire en hospitalier | F8: x
B9: Vérifier l'anode, la résistance et la validité de la température de consigne | C9: Annuelle | F9: x
B10: Vidanger, inspecter, détartreret désinfecter le ballon | C10: 2 à 5 ans Annuelle en CH | G10: x
B11: Changer le groupe de sécurité | C11: 5 à 10 ans selon besoin | G11: x
B12: Travaux en plus si chauffe-eau gaz
B13: Actions a réaliser | C13: Fréquence | D13: Periode | E13: Niveau | I13: Acteurs | J13: Traçabilité | K13: Références | L13: Observations
E14: 1 | F14: 2 | G14: 3 | H14: 4
B15: Nettoyage de l'injecteur, des filtres Nettoyage du ventilateur Nettoyage du corps de chauffe Nettoyage du brûleur Nettoyage du conduit de raccordement de l'appareil à la bouche d'extraction Remplacement du clapet et du joint d'arrivée d'eau Vérifier les dispositifs de sécurité Si VMC gaz, vérifier la mise en sécurité par simulation d'un arrêt de l'extraction mécanique Vérifier et régler éventuellement les débits de gaz Vérifier la validité de la température de consigne | C15: Annuelle | G15: x | I15: Entreprise qualifiée | J15: Carnet de santé | L15: Durée de vie 15 ans

Sheet chauffe_eau_solaire
B2: SOMMAIRE
B4: Chauffe-eau électrique
B5: Actions a réaliser | C5: Fréquence | D5: Periode | E5: Niveau | I5: Acteurs | J5: Traçabilité | K5: Références | L5: Observations
E6: 1 | F6: 2 | G6: 3 | H6: 4
B7: Tester la soupape de sécurité | C7: semestrielle | F7: x | I7: Technicien | J7: Carnet de santé | L7: Durée de vie 15 ans
B8: Effectuer une chasse de 5 à 10˚/˳ en partie basse sur les productions collectives | C8: semestrielle hebdomadaire en hospitalier | F8: x
B9: Vérifier l'anode, la résistance et la validité de la température de consigne | C9: Annuelle | F9: x
B10: Vidanger, inspecter, détartreret désinfecter le ballon | C10: 2 à 5 ans Annuelle en CH | G10: x
B11: Changer le groupe de sécurité | C11: 5 à 10 ans selon besoin | G11: x
B12: Travaux en plus si chauffe-eau solaire
B13: Actions a réaliser | C13: Fréquence | D13: Periode | E13: Niveau | I13: Acteurs | J13: Traçabilité | K13: Références | L13: Observations
E14: 1 | F14: 2 | G14: 3 | H14: 4
B15: Nettoyage des panneaux Vérifier les fixations Vérifier le circuit primaire Contrôler la pression et la soupape de sécurité | C15: Annuelle | F15: x | I15: Technicien | J15: Carnet de santé

Sheet echangeur_à_plaque
B2: SOMMAIRE
B4: Echangeur à plaque
B5: Actions a réaliser | C5: Fréquence | D5: Periode | E5: Niveau | I5: Acteurs | J5: Traçabilité | K5: Références | L5: Observations
E6: 1 | F6: 2 | G6: 3 | H6: 4
B7: Contrôler l'absence de fuite Manœuvrer les vannes d'isolement Contrôler les pertes de charge Contrôler la soupape de sécurité | C7: Semestrielle ou annuelle | F7: x | I7: Technicien | J7: Carnet de santé | L7: Durée de vie 20 ans
B8: Détartrer, désinfecter | D8: Selon besoin | F8: x | I8: Technicien | J8: Carnet de santé

Sheet ballon_de_stockage
B2: SOMMAIRE
B4: Ballon de stockage
B5: Actions a réaliser | C5: Fréquence | D5: Periode | E5: Niveau | I5: Acteurs | J5: Traçabilité | K5: Références | L5: Observations
E6: 1 | F6: 2 | G6: 3 | H6: 4
B7: Effectuer une purge de fond de ballon | C7: Mensuelle à semestrielle hebdomadaire en établissement de santé | F7: x | I7: Technicien | J7: Carnet de santé Fichier sanitaire Carnet sanitaire (établissements de santé) | L7: Durée de vie 15 ans
B8: Vérifier l'anode et la changer si besoin | C8: selon préconisation du constructeur | F8: x | I8: Technicien
B9: Nettoyer, détartrer, désinfecter | C9: 2 à 5 ans Annuelle en établissement de santé | G9: x | I9: Technicien | K9: Circulaire DGS/SD7A-DHOSIE4-DGAS/SD2 n°2005-493 du 28 otc 2005

Sheet réseau_ECS
B2: SOMMAIRE
B4: Réseau d'ECS
B5: Actions a réaliser | C5: Fréquence | D5: Periode | E5: Niveau | I5: Acteurs | J5: Traçabilité | K5: Références | L5: Observations
E6: 1 | F6: 2 | G6: 3 | H6: 4
B7: Contrôler l'absence de fuite Contrôler les supports de tuyauterie Examiner le calorifugeage Vérifier l'état des canalisations, l'absence de bras mort Nettoyer les filtres Effectuer une chasse dans les réseaux collectifs Vérifier, détartrer les éléments terminaux Faire une analyse physico-chimique de l'eau | C7: Annuelle | F7: x | I7: Technicien | J7: Carnet de santé Fichier sanitaire Carnet sanitaire (établissements de santé) | K7: RSDT, circulaire du 9 août 1978, art. 18 | L7: Durée de vie 30 ans
B8: Vérifier les température | C8: Semestrielle, mensuelle (en ERP spé), continue ou hebdomadaire (en établissement de santé) | E8: x | I8: Technicien | K8: Arrêté du 1er février 2010 et circulaire DGS/EA4 n°2010-448 | L8: Température de sortie aux points de puisage ou en sortie de l'élement de production ou de consigne ECS
B9: Effectuer une analyse de légionnelles : points de puisage à risques, fonds de ballons, retour de boucle | C9: Selon besoin ou annuelle en établissement de santé et ERP spé | G9: x | I9: Laboratoires
B10: Réaliser un repérage du réseau pour lutter contre les bras morts | C10: 2 à 5 ans selon exploitation | F10: x | I10: Technicien | L10: Etre vigilant lors de travaux ou de modifications Détartrer, désinfecter selon besoin

Sheet réseau_EU_EV
B2: SOMMAIRE
B4: Réseau EU-EV
B5: Actions a réaliser | C5: Fréquence | D5: Periode | E5: Niveau | I5: Acteurs | J5: Traçabilité | K5: Références | L5: Observations
E6: 1 | F6: 2 | G6: 3 | H6: 4
B7: Nettoyer les siphons et contrôler le bon écoulement | C7: Annuelle | E7: x | I7: Utilisatuer | K7: C.santé publ; art.L.1331-4 | L7: Durée de vie 30 ans
B8: Rincer, curer, traiter les réseaux | C8: selon besoin | G8: x | I8: Technicien | J8: Carnet de santé

Sheet pompe_de_relevage
B2: SOMMAIRE
B4: Pompe de relevage
B5: Actions a réaliser | C5: Fréquence | D5: Periode | E5: Niveau | I5: Acteurs | J5: Traçabilité | K5: Références | L5: Observations
E6: 1 | F6: 2 | G6: 3 | H6: 4
B7: Vérifier l'étanchéité Contrôler les vannes,les clapets Inspecter la cuve Contrôler l'état de la roue Vérifier les dispositifs de sécurité Nettoyer la volute d'aspiration, les filtres, la crépine d'aspiration Vérifier, nettoyer et régler le flotteur Mesurer les pressions et l'intensité absorbée | C7: Annuelle ou selon besoin | G7: x | I7: Technicien | J7: Carnet de santé | L7: Durée de vie 15 à 20 ans

Sheet installation_éléctrique
B2: SOMMAIRE
B4: Installation éléctrique
B5: durée de vie : 30 ans
B6: Actions a réaliser | C6: Fréquence | D6: Periode | E6: Niveau | I6: Acteurs | J6: Traçabilité | K6: Références | L6: Observations
E7: 1 | F7: 2 | G7: 3 | H7: 4
B8: Examiner les schémas, les notes de calcul et la doc technique Vérifier les caractérisqtiques des installations et de leur maintien en état de conformité de fonctionnement Mesurer les grnadeurs physiques nécessaires à l'appreciation de la conformité, en particulier : correspondance entre la section des conducteurs et le calibre de la protection contre les surintensités, adaptation des matériaux aux conditions d'influences externes, conformité des matériaux BT ayant une fonction de sécurité, Fixation et état mécaique apparent des matériaux et canalisations, mesures d'isolement, identification des circuits et appareillages, vérification du sectionnement et des coupures d'urgence, mesure de la resistance de la prise de terre... Vérification de l'éclairage de sécurité Vérification du local haute tension : ventilation, verrouillage des portes, éclairage de sécurité, non-présence de canalisations étrangères, protection des transformateurs contre les surintensités, absence de fuite et niveau de diélectrique liquide, présence des équipements de sécurité | C8: Annuelle | G8: x | I8: Organisme accrédité ou personne qualifiée | J8: Registre de sécurité Rapport de vérification périodique | K8: C.trav;art.R.4226-16 Arrêté du 26 décembre 2011 Règlement sécurité incendie ERP,art.EL19 Décret n°2010-1016 du 30 août 2010 Norme NF C 15000 Norme NF C 18-510 Référentiel APSAD D18
B9: En plus de la vérification normale, effectuer une mise à jour complète des renseignements descriptifs | C9: 4 ans | G9: x | I9: Organisme accrédité ou personne qualifiée | J9: Registre de sécurité Rapport de vérification périodique | L9: Vérification périodique réglementaire réalisée comme une vérification initiale
B10: Vérification du diélectrique du transformateur | C10: 1 à 3ans selon la charge du transformateur | I10: Technicien habilité
B11: Effectuer un entretien général de l'installation, éventuellement levées de réserve et mise en conformité après travaux | C11: selon besoin | G11: x | I11: Technicien habilité
B12: Effectuer un entretien général de l'installation en bon état de fonctionnement Réparer les défectuosités, défauts d'isolement dès constatation | C12: selon besoin | G12: x | I12: Technicien habilité | J12: Registre de sécurité | K12: Règlement sécurité incendie ERP,art.EL18

Sheet local_haute_tension
B2: SOMMAIRE
B4: Local haute tension
B5: Actions a réaliser | C5: Fréquence | D5: Periode | E5: Niveau | I5: Acteurs | J5: Traçabilité | K5: Références | L5: Observations
E6: 1 | F6: 2 | G6: 3 | H6: 4
B7: Vérifier l'accès et l'absence de stockage de matériel dans le local Contrôler la ventilation du local Vérifier l'état, la date limite d'utilisation et la présence du matériel de sécurtité Vérifier laprotection des transformateurs contre les surintensités Vérifier l'absence de fuite et le niveau de diélectrique liquide Vérifier les liaisons équipotentielles, mesurer la prise de terre | C7: Annuelle | G7: x | I7: Organisme accrédité ou personne qualifiée | J7: Registre de sécurité Rapport de vérification périodique | K7: C.trav;art.R.4226-16 Arrêté du 26 décembre 2011 Règlement sécurité incendie ERP,art.EL19 Décret n°2010-1016 du 30 août 2010 Norme NF C 15000 Norme NF C 18-510 Référentiel APSAD D18 | L7: vérification incluses dans la vérification périodique annuelle
B8: Lors de la coupure générale de la vérification périodique, contrôler les relais et asservissement Contrôler visuellement l'état des cellules dont les voyants de présence tension Nettoyer et dépoussiérer le matériel et le local Vérifier la présence des affichages réglementaire | C8: Annuelle | G8: x | I8: Technicien habilité | J8: Carnet de santé | K8: Normes NF C15000 et NF C18-150 | L8: Non inclus dans la vérification périodique
B9: Contrôler le diélectrique via le DGPT2 et la qualité selon les recommandations du constructeur Vérifier l'étanchéité du transformateur Tester et entretenir les organes de manipulation des cellules HT Entretenir les verrouillages d'accès et de coordination Vérifier la qualité de l'huile | L9: Transformateur à huile

Sheet TGBT
B2: SOMMAIRE
B4: TGBT et armoire de distribution
B5: Actions a réaliser | C5: Fréquence | D5: Periode | E5: Niveau | I5: Acteurs | J5: Traçabilité | K5: Références | L5: Observations
E6: 1 | F6: 2 | G6: 3 | H6: 4
B7: Effectuer une vérification visuelle des principaux paramétres (tension, intensité, fréquence) Vérifier l'accès/l'absence de stockage de matériel dans le local Vérifier le fonctionnement de la batterie de condensateurs Vérifier les lampes et voyants | C7: Quotidienne ou hebdomadaire | E7: x | I7: Rondier ou technicien | L7: Surveillance
B8: Dépoussiérer Contrôler et resserer les connexions Eventuellement effectuer un diagnostic des connexions, de l'équilibrage des phases et de l'échauffement des conducteurs par caméra thermique afin de diminuer les risques d'incendie Vérifier les repérages Mettre à jour les schémas Vérifier le taux d'harmonique de rang 3 | C8: Annuelle | G8: x | I8: Technicien habilité | J8: Carnet de santé | K8: Normes NF C15000 et NF C18-151
B9: Vérifier l'état des condensateurs, les remplacer si besoin | C9: Annuelle | G9: x | I9: Technicien habilité | J9: Carnet de santé | L9: Batterie de condensateurs (systéme de compensation d'énergie réactive)

Sheet onduleur
B2: SOMMAIRE
B4: Onduleur
B5: durée de vie : 8 à 12 ans
B6: Actions a réaliser | C6: Fréquence | D6: Periode | E6: Niveau | I6: Acteurs | J6: Traçabilité | K6: Références | L6: Observations
E7: 1 | F7: 2 | G7: 3 | H7: 4
B8: Vérifier les principaux paramétres : tension intensité, fréquence Vérifier que l'onduleur est en mode normal et non en by-pass | C8: Quotidienne ou hebdomadaire | G8: x | I8: Rondier ou technicien | J8: Carnet de santé | K8: Règlement de sécurité incendie ERB, art.EL8 § 3 et EL19
B9: Effectuer un contrôle visuel de l'état de l'ensemble des éléments Dépoussiérer Contrôler les connexions et l'isolement des parties actives Vérifier l'âge et les performances des batteries Contrôler la ventilation du local | C9: Annuelle | G9: x | J9: Carnet de santé

Sheet luminaires
B2: SOMMAIRE
B4: Luminaires
B5: Actions a réaliser | C5: Fréquence | D5: Periode | E5: Niveau | I5: Acteurs | J5: Traçabilité | K5: Références | L5: Observations
E6: 1 | F6: 2 | G6: 3 | H6: 4
B7: Effectuer un relamping Dépoussiérer Remplacer les starters défaillants s'il y a lieu | D7: selon besoin | G7: x | I7: Technicien habilité | J7: Carnet de santé | L7: En cas de spot dichromatique ou de transformateur en faux plafond, vérifier que l'espace est suffisant pour le refroidissement de l'élément
B8: Contrôler le niveau d'éclairement Nettoyer les luminaires et lampes, les remplacer si luminosité inférieur de 20% à la valeur d'origine Resserer les connexions (hors tension) | C8: Conseillée annuelle | F8: x | I8: Technicien | J8: Carnet de santé Régle d'entretien périodique définie par l'employeur et communiquée au CHSCT | K8: C.trav;art.R.4223-11 | L8: Niveau d'éclairement dans les ERT : C.trav;art.R.4223-1 à 9
B9: Remplacer les starters | D9: Selon utilisation | I9: Technicien habilité

Sheet appareillage
B2: SOMMAIRE
B4: Appareillage
B5: Actions a réaliser | C5: Fréquence | D5: Periode | E5: Niveau | I5: Acteurs | J5: Traçabilité | K5: Références | L5: Observations
E6: 1 | F6: 2 | G6: 3 | H6: 4
B7: Remplacer ou réparer si appareillage arraché ou cassé | D7: selon besoin | I7: Technicien habilité | J7: Carnet de santé

Sheet réseau_courant_faible
B2: SOMMAIRE
B4: Réseau courant faible (éthernet, IP)
B5: Actions a réaliser | C5: Fréquence | D5: Periode | E5: Niveau | I5: Acteurs | J5: Traçabilité | K5: Références | L5: Observations
E6: 1 | F6: 2 | G6: 3 | H6: 4
B7: Dépoussiérer les baies Contrôler les connexions Effectuer des tests de réflectométrie sur les liaisons optiques Effectuer des tests de continuité des liens cuivre | C7: selon besoin, au minimum annuelle | G7: x | I7: Technicien spécialisé

Sheet commutateur_informatique
B2: SOMMAIRE
B4: Commutateur informatique
B5: Actions a réaliser | C5: Fréquence | D5: Periode | E5: Niveau | I5: Acteurs | J5: Traçabilité | K5: Références | L5: Observations
E6: 1 | F6: 2 | G6: 3 | H6: 4
B7: Mettre a jour les logiciels Vérifier la compatibilité entre les logiciels Réaliser des tests sur la haute disponibilité s'il y a lieu Tester les logiciels lors du basculement électrique Faire une sauvegarde et un test de réstauration Vérifier la résistance du système aux coupures d'alimentation électrique et de climatisation | C7: A chaque évolution du logiciel | H7: x | I7: Ingénieur ou entreprise spécialisée | L7: Contrat de maintenance ou matériels supplémentaires gérés par service informatique Attention à l'adaptation des puissances de climatisation des locaux du réseau informatique par rapport à l'augmentation du matèriel informatique du réseau

Sheet reséau_téléphonique
B2: SOMMAIRE
B4: Si télephonie IP, concentrateur de lignes analogiques, matériel d'accès au réseau téléphonique public, serveur de téléphonie
B5: Actions a réaliser | C5: Fréquence | D5: Periode | E5: Niveau | I5: Acteurs | J5: Traçabilité | K5: Références | L5: Observations
E6: 1 | F6: 2 | G6: 3 | H6: 4
B7: Mettre à jour les logiciels Vérifier la compatibilité entre logiciels Réaliser des tests sur la haute disponibilité s'il y a lieu Tester les logiciels lors du basculement électrique Faire une sauvegarde et un test de restauration | C7: A chaque évolution des logiciels de téléphonie ou du réseau informatique | H7: x | I7: Ingénieur ou entreprise spécialisée | L7: Contrat de maintenance matériel
B8: Si télephonie traditionnelle - autocommutateur
B9: Actions a réaliser | C9: Fréquence | D9: Periode | E9: Niveau | I9: Acteurs | J9: Traçabilité | K9: Références | L9: Observations
E10: 1 | F10: 2 | G10: 3 | H10: 4
B11: Ajouter des cartes réseau Modifier la programmation Faire une sauvegarde des données et un test de restauration Mettre à jour les logiciels Vérifier les programmes et les tester Tester l'alimentation autonome et le basculement | C11: Annuelle | G11: x | I11: Sociéte de srevice | L11: Mettre en place un contrat de maintenance

Sheet terminal
B2: SOMMAIRE
B4: Terminal
B5: Actions a réaliser | C5: Fréquence | D5: Periode | E5: Niveau | I5: Acteurs | J5: Traçabilité | K5: Références | L5: Observations
E6: 1 | F6: 2 | G6: 3 | H6: 4
B7: Vérifier le fonctionnement des postes et tous les terminaux branchés sur le réseau | C7: Annuelle | F7: x | I7: Technicien

Sheet GTC_GTB
B2: SOMMAIRE
B4: Gestion technique centralisée GTC/ Gestion technique de bâtiement GTB
B5: Actions a réaliser | C5: Fréquence | D5: Periode | E5: Niveau | I5: Acteurs | J5: Traçabilité | K5: Références | L5: Observations
E6: 1 | F6: 2 | G6: 3 | H6: 4
B7: Modifier selon besoin le paramétrage | C7: selon site, au minimum mensuelle | G7: x | L7: Le paramétrage de la GTC/GTB doit être modifié fréquemment en fonction des modifications d'utilisation
B8: Sauvegarder les programmes et les données Faire un test de restauration | C8: selon besoin | I8: Technicien | L8: Fréquence de sauvegarde recommandée : au minimum hebdomadaire
B9: Vérifier le cablâge spécifique Dépoussiérer tous les équipements Vérifier, resserrer ou reprendre éventuellement la connectique Contrôler les alimentations et la mise à la terre Contrôler le fonctionnement des alarmes, automates, superviseur et programmeur Vérifier la programmation, la concordance des données Contrôler les liens téléphoniques de report d'alarme vers la télésurveillance et leur bon fonctionnement en cas de panne Faire évoluer les logiciels et le matériel informatique | C9: Annuelle | H9: x | I9: Technicien spécialisé | L9: Durée de vie 5 ans
B10: Mettre à jour les logiciels informatiques Remplacer les cartes Modifier la programmation de la GTC/GTB | D10: selon besoin | H10: x | I10: Technicien spécialisé

Sheet logiciels_et_matériels_info
B2: SOMMAIRE
B4: Logiciels et matériels informatiques
B5: Actions a réaliser | C5: Fréquence | D5: Periode | E5: Niveau | I5: Acteurs | J5: Traçabilité | K5: Références | L5: Observations
E6: 1 | F6: 2 | G6: 3 | H6: 4
B7: Sauvegarder les programmes et données | D7: selon besoin | G7: x | I7: Technicien
B8: Vérifier le cablâge spécifique Dépoussiérer tous les équipements Vérifier, resserer ou reprendre éventuellement la connectique Contrôler les alimentations et la mise à la terre | C8: Annuelle | G8: x | I8: Technicien
B9: Mettre à jour des logiciels informatiques Remplacer les cartes Lors d'évolutios des logiciels et du matériel informatique, faire les tests de cohérence Modifier la programmation | D9: selon besoin | H9: x | I9: Technicien spécialisé
B10: Installation
B11: Actions a réaliser | C11: Fréquence | D11: Periode | E11: Niveau | I11: Acteurs | J11: Traçabilité | K11: Références | L11: Observations
E12: 1 | F12: 2 | G12: 3 | H12: 4
B13: Vérifier le bon fonctionnement de l'installation Effectuer un contrôle visuel | C13: Annuelle | G13: x | I13: Entreprise certifiée | J13: Fiche et registre de maintenance | K13: Référentiel APSAD D83
B15: Si logiciel et matériel informatiques
B16: Actions a réaliser | C16: Fréquence | D16: Periode | E16: Niveau | I16: Acteurs | J16: Traçabilité | K16: Références | L16: Observations
E17: 1 | F17: 2 | G17: 3 | H17: 4
B18: Sauvegarder les programmes et données | D18: selon besoin | G18: x | I18: Technicien
B19: Vérifier le cablâge spécifique Dépoussiérer tous les équipements Vérifier, resserer ou reprendre éventuellement la connectique Contrôler les alimentations et la mise à la terre | C19: Annuelle | I19: Technicien
B20: Mettre à jour des logiciels informatiques Remplacer les cartes Lors d'évolutions des logiciels et du matériel informatique, effectuer des tests de cohérence Modifier la programmation | D20: selon besoin | I20: Technicien spécilaisé

Sheet dispositif_de_verrouillage
B2: SOMMAIRE
B4: Dispositif de verrouillage
B5: durée de vie : 10 ans
B6: Actions a réaliser | C6: Fréquence | D6: Periode | E6: Niveau | I6: Acteurs | J6: Traçabilité | K6: Références | L6: Observations
E7: 1 | F7: 2 | G7: 3 | H7: 4
B8: Contrôler les dispositifs de verrouillage | C8: Annuelle | G8: x | I8: Entreprise certifiée | J8: Fiche et registre de maintenance | K8: Référentiel APSAD D83

Sheet lecteurs
B2: SOMMAIRE
B4: Lecteurs
B5: Actions a réaliser | C5: Fréquence | D5: Periode | E5: Niveau | I5: Acteurs | J5: Traçabilité | K5: Références | L5: Observations
E6: 1 | F6: 2 | G6: 3 | H6: 4
B7: Contrôler les alimentations Faire des essais de fonctionnement des lecteurs | C7: Annuelle | G7: x | I7: Entreprise certifiée | J7: Fiche et registre de maintenance | K7: Référentiel APSAD D83

Sheet caméra
B2: SOMMAIRE
B4: Caméra
B5: Actions a réaliser | C5: Fréquence | D5: Periode | E5: Niveau | I5: Acteurs | J5: Traçabilité | K5: Références | L5: Observations
E6: 1 | F6: 2 | G6: 3 | H6: 4
B7: Nettoyer et régler les objectifs Contrôler la qualité de l'image Réglage de la netteté et de la mise au point Vérifier les connecteurs Régler ligne, focus, target Régler les vis de butée de fin de courses des tourelles | C7: Annuelle | G7: x | I7: Entreprise certifiée | J7: Fiche et registre de maintenance | K7: Référentiel APSAD R82 | L7: Un contrat de maintenance est obligatoire pour obtenir le certificat de conformité sinon facultatif Durée de vie indicative d'environ 5ans

Sheet caisson
B2: SOMMAIRE
B4: Caisson
B5: Actions a réaliser | C5: Fréquence | D5: Periode | E5: Niveau | I5: Acteurs | J5: Traçabilité | K5: Références | L5: Observations
E6: 1 | F6: 2 | G6: 3 | H6: 4
B7: Dépoussiérer, nettoyer Vérifier le bon fonctionnement des accessoires : thermostat, télécommandes Nettoyer le verre de protection | C7: Annuelle | G7: x | I7: Entreprise certifiée | J7: Fiche et registre de maintenance | K7: Référentiel APSAD R82 | L7: Un contrat de maintenance est obligatoire pour obtenir le certificat de conformité sinon facultatif Durée de vie indicative d'environ 5ans

Sheet moyen_enregistrement
B2: SOMMAIRE
B4: Moyen d'enregistrement
B5: Actions a réaliser | C5: Fréquence | D5: Periode | E5: Niveau | I5: Acteurs | J5: Traçabilité | K5: Références | L5: Observations
E6: 1 | F6: 2 | G6: 3 | H6: 4
B7: Dépoussiérer Contrôler le bon fonctionnement et l'état des disques durs Contrôler les connexions | C7: Annuelle | G7: x | I7: Entreprise certifiée | J7: Fiche et registre de maintenance | K7: Référentiel APSAD R82 | L7: Un contrat de maintenance est obligatoire pour obtenir le certificat de conformité sinon facultatif Durée de vie indicative d'environ 5ans

Sheet moniteurs
B2: SOMMAIRE
B4: Moniteurs
B5: Actions a réaliser | C5: Fréquence | D5: Periode | E5: Niveau | I5: Acteurs | J5: Traçabilité | K5: Références | L5: Observations
E6: 1 | F6: 2 | G6: 3 | H6: 4
B7: Dépoussiérer, nettoyer Vérifier les connecteurs | C7: Annuelle | G7: x | I7: Entreprise certifiée | J7: Fiche et registre de maintenance | K7: Référentiel APSAD R82 | L7: Un contrat de maintenance est obligatoire pour obtenir le certificat de conformité sinon facultatif Durée de vie indicative d'environ 5ans

Sheet station_de_télésurveillance
B2: SOMMAIRE
B4: Station de télésurveillance
B5: Actions a réaliser | C5: Fréquence | D5: Periode | E5: Niveau | I5: Acteurs | J5: Traçabilité | K5: Références | L5: Observations
E6: 1 | F6: 2 | G6: 3 | H6: 4
B7: Contrôler la conformité de la station de télésurveillance et sa redondance | C7: Annuelle | G7: x | I7: Détenteur/ résponsable de l'installation | J7: Contrat de télésurveillance | K7: Obligations de surveillance de certains établissements Référentiel APSAD R81 | L7: Il est important de définir des délais adaptés pour la levée de doute

Sheet installation
B2: SOMMAIRE
B4: Installation
B5: Actions a réaliser | C5: Fréquence | D5: Periode | E5: Niveau | I5: Acteurs | J5: Traçabilité | K5: Références | L5: Observations
E6: 1 | F6: 2 | G6: 3 | H6: 4
B7: Effectuer un contrôle visuel Contrôler la cohérence de l'installation si utilisation du réseau informatique | C7: Annuelle | G7: x | I7: Entreprise certifiée | J7: Fiche et registre de maintenance | K7: Référentiel APSAD R81 | L7: La fréquence de maintenance varie en fonction du niveau Contrat de maintenance obligatoire pour l'obtention d'une déclaration de conformité

Sheet alimentation_éléc_et_secours
B2: SOMMAIRE
B4: Alimentation éléctriques + secours
B5: Actions a réaliser | C5: Fréquence | D5: Periode | E5: Niveau | I5: Acteurs | J5: Traçabilité | K5: Références | L5: Observations
E6: 1 | F6: 2 | G6: 3 | H6: 4
B7: Contrôler les alimentations et consommations | C7: Annuelle | F7: x | I7: Entrprise certifiée | J7: Fiche et registre de maintenance | K7: Réferentiel APSAD R81 | L7: La fréquence de maintenance varie en fonction du niveau Contrat de maintenance obligatoire pour l'obtention d'une déclaration de conformité

Sheet détecteurs
B2: SOMMAIRE
B4: Détecteurs
B5: Actions a réaliser | C5: Fréquence | D5: Periode | E5: Niveau | I5: Acteurs | J5: Traçabilité | K5: Références | L5: Observations
E6: 1 | F6: 2 | G6: 3 | H6: 4
B7: Vérifier la couverture de détection des détecteurs de mouvements Vérifier les autres types de détecteurs | C7: Annuelle | G7: x | I7: Entreprise certifiée | J7: Fiche et registre de maintenance | K7: Réferentiel APSAD R81 | L7: La fréquence de maintenance varie en fonction du niveau Contrat de maintenance obligatoire pour l'obtention d'une déclaration de conformité

Sheet dispositif_alarme
B2: SOMMAIRE
B4: Dispositif d'alarme
B5: Actions a réaliser | C5: Fréquence | D5: Periode | E5: Niveau | I5: Acteurs | J5: Traçabilité | K5: Références | L5: Observations
E6: 1 | F6: 2 | G6: 3 | H6: 4
B7: Contrôler le bon fonctionnement | C7: Annuelle | F7: x | I7: Entreprise certifiée | J7: Fiche et registre de maintenance | K7: Référentiel APSAD R81 | L7: La fréquence de maintenance varie en fonction du niveau Contrat de maintenance obligatoire pour l'obtention d'une déclaration de conformité

Sheet transmetteur_téléphonique
B2: SOMMAIRE
B4: Transmetteur téléphonique
B5: Actions a réaliser | C5: Fréquence | D5: Periode | E5: Niveau | I5: Acteurs | J5: Traçabilité | K5: Références | L5: Observations
E6: 1 | F6: 2 | G6: 3 | H6: 4
B7: Vérifier les transmetteurs téléphoniques Effectuer un test complet de transmission et d'acquittement | C7: Annuelle | G7: x | I7: Entreprise certifiée | J7: Fiche et registre de maintenance | K7: Référentiel APSAD R81 | L7: La fréquence de maintenance varie en fonction du niveau Contrat de maintenance obligatoire pour l'obtention d'une déclaration de conformité

Sheet central_alarme
B2: SOMMAIRE
B4: Centrale d'alarme
B5: Actions a réaliser | C5: Fréquence | D5: Periode | E5: Niveau | I5: Acteurs | J5: Traçabilité | K5: Références | L5: Observations
E6: 1 | F6: 2 | G6: 3 | H6: 4
B7: Vérifier les temporisations d'entrée et de sortie Contrôle l'autosurveillance Vérifier la surveillance à l'ouverture du boîtier de la centrale Contrôler les liaisons et antennes (systèmes non filaire) | C7: Annuelle | G7: x | I7: Entreprise certifiée | J7: Fiche et registre de maintenance | K7: Référentiel APSAD R81 | L7: La fréquence de maintenance varie en fonction du niveau Contrat de maintenance obligatoire pour l'obtention d'une déclaration de conformité

Sheet système_liaison_radio
B2: SOMMAIRE
B4: Système fonctionnant avec des liaisons radio
B5: Actions a réaliser | C5: Fréquence | D5: Periode | E5: Niveau | I5: Acteurs | J5: Traçabilité | K5: Références | L5: Observations
E6: 1 | F6: 2 | G6: 3 | H6: 4
B7: Vérifier que tous les équipements communiquent avec la centrale Vérifier que le système est configuré pour donner l'information alimentation basse, surveillance des coupures d'antennes et surveillance des liaisons hertziennes | C7: Annuelle | G7: x | I7: Entreprise certifiée | J7: Fiche et registre de maintenance | K7: Référentiel APSAD R81 | L7: La fréquence de maintenance varie en fonction du niveau Contrat de maintenance obligatoire pour l'obtention d'une déclaration de conformité

Sheet ascenseur
B2: SOMMAIRE
B4: Ascenseur
B5: Actions a réaliser | C5: Fréquence | D5: Periode | E5: Niveau | I5: Acteurs | J5: Traçabilité | K5: Références | L5: Observations
E6: 1 | F6: 2 | G6: 3 | H6: 4
B7: Examiner la documentation pour vérifier que l'ascenseur est conforme à l'ascenseur modèle approuvé Effectuer le test de fonctionnement de l'ascenseur à vide et à la charge maximale, vérifier le fonctionnement des dispositifs de sécurité (fins de course, verrouillages...) Vérifier l'absence de déformation ou détérioration suite à ces essais | D7: Avant mise en service | H7: x | I7: Organisme habilité choisi par l'installateur | J7: Attestation de contrôle final Carnet d'entretien | K7: Décret 2000-810 du 24 août 2000 modifié par décret 2010-782 du 8 juillet 2010 | L7: Le contrôle final ne concerne depuis le 1er mars 2011 que les ascenseurs dont la vitesse est supérieur à 0,15m/s, les autres obéissent depuis cette date à la directive "machines" et non à la directive "ascenseurs" Durée de vie 30 ans
B8: Effectuer la visite de surveillance du bon fonctionnemment Vérifier l'état de la cabine Contrôler la cuve hydraulique Effectuer les réglages Vérifer l'éfficacité des serrures des portes palières et portes cabine, les dispositifs de protection du verrouillage de ces portes, la précision d'arrêt, les dispositifs de commandes de secours et les commandes et indicateurs aux paliers | C8: 6 semaines | H8: x | I8: Technicien compétent | J8: Carnet d'entretien Registre de sécurité | K8: CCH,art.R.125-2 Arrêté du 18 novembre 2004 C.trav;art.R.4224-17-1(1) | L8: Obligation pour le propriétaire d'avoir un constat d'entretien écrit d'un an minimum La réparation et le remplacement des petites pièces doit sauf en cas de vandalisme doit être inclus dans le contrat
B9: Examiner l'état des câbles ou chaînes de suspension Vérifier le frein et le dispositif anti-dérive | C9: Semestrielle | H9: x | I9: Technicien compétent | J9: Carnet d'entretien Registre de sécurité
B10: Nettoyer cuvette, toit de cabine et local des machines Vérifier les parachutes ou autres dispositifs anti-chute Vérifier la poulie de traction, les limiteurs de vitesse et la poulie de tension Tester la commande de descente manuelle Contrôler les dispositifs de sécurité | C10: Annuelle | H10: x | I10: Technicien compétent | J10: Carnet d'entretien Registre de sécurité
B11: Lubrifier et nettoyer les pièces Vérifier moteur, réducteur , amortisseur, guide cabine, vérins, coulisseaux… Vérifier le cablâge et l'armoire de commande | D11: A l'appreciation du prestataire | H11: x | I11: Technicien compétent | J11: Carnet d'entretien Registre de sécurité
B12: Réparation ou remplacement des petites pièces de l'installation présentant des signes d'usure excessive : au niveau de la cabine et des paliers (bouton, contacts de porte, ferme porte auto, paumelles de porte…), machinerie (balais du moteur et tous fusibles) gaine (coulisseaux et contrepoids), éclairage (ampoules et éclairage de secours) | D12: Selon besoin | H12: x | I12: Technicien compétent | J12: Carnet d'entretien Registre de sécurité
B13: Faire un essai de fonctionnement Faire un examen de conservation | C13: Annuelle | H13: x | I13: Technicien compétent | J13: Carnet d'entretien Registre de sécurité | K13: Décret 2010-782 du 8 juillet 2010 Arrêté du 29 décembre 2010 | L13: Cette vérification périodique est une obligation de l'employeur pour les ascenseurs dont la vitesse est inférieure à 0,15m/s et qui doivent se conformer depuis le 1er mars 2011 à la directive "machines" et non à la directive "ascenseurs"
B14: Vérifier la conformité des dipositifs de sécurité et leur état Repérer tout défaut présentant un danger pour la sécurité des personnes ou portant atteinte au bon fonctionnement de l'appareil | C14: Quiquennale | H14: x | I14: Organisme agrée | J14: Carnet d'entretien Registre de sécurité | K14: CCH,art.R.125-2-4 à 7 Arrêté du 7 août 2012 Règlement de sécurité incendie ERP, art.R.125-2 | L14: Lors du contrôle technique, le titulaire du contrat doit être présent
B15: Faire les mesures d'entretien spécifiques destinées à supprimer ou atténuer les défauts repérés lors du contrôle technique quiquennal | D15: Selon besoin | H15: x | I15: Technicien compétent | J15: Carnet d'entretien Registre de sécurité | K15: CCH,art.R.125,2

Sheet élévateurs
B2: SOMMAIRE
B4: Elévateurs pour personnes à mobilité réduite (EPMR)
B5: Actions a réaliser | C5: Fréquence | D5: Periode | E5: Niveau | I5: Acteurs | J5: Traçabilité | K5: Références | L5: Observations
E6: 1 | F6: 2 | G6: 3 | H6: 4
B7: Faire mouvoir l'habitacle dans ses limites de course S'assurer de l'efficacité de fonctionnement : des dispositifs de verrouillage, contrôlant ou assurant l'arrêt et le maintien à l'arrêt de l'habitacle, limitant les mouvements de l'habitacle, de demande de secours, pour assurer la protection des personnes S'assurer de l'éfficacité du fonctionnement du dispositif parachute | C7: Annuelle | H7: x | I7: Personne qualifiée | J7: Carnet d'entretien Registre de sécurité | K7: Arrêté du 29 décembre 2010 | L7: Vérification périodique "essai de fonctionnement"
B8: Vérification du bon état de conservation de l'équipements : gaine et éléments de protection de la gaine, accès aux points d'intervention, éléments de guidage, suspentes et leurs attaches, mécanismes de levage, dispositifs assurant les réserves de sécurité lors des interventions dans le volume de déplacement des équipements, éléments de l'habitacle, organes de service et de signalisation, éclairage normal et de secours | C8: Annuelle | G8: x | I8: Personne qualifiée | L8: Vérification périodique "examen de conservation" consiste en un examen visuel complété ent tant que de besoin d'essais de fonctionnement

Sheet nacelle
B2: SOMMAIRE
B4: Nacelle de facade
B5: Actions a réaliser | C5: Fréquence | D5: Periode | E5: Niveau | I5: Acteurs | J5: Traçabilité | K5: Références | L5: Observations
E6: 1 | F6: 2 | G6: 3 | H6: 4
B7: Effectuer un examen de montage d'installation Réaliser une épreuve statique Réaliser une épreuve dynamique Tester le bon fonctionnement et l'éfficacité des dispositifs de sécurité, des limiteurs de charge et de moment de renversement dont la valeur de déclenchement doit être vérifiée à l'issue des épreuves | D7: A la mise en service | H7: x | I7: Personne qualifiée | J7: Carnet d'entretien Registre de sécurité | K7: Arrêté du 1er mars 2004 | L7: Vérification de mise en service
B8: Examen visuel : des dispositifs de clage, amarrage et freinage, des freins ou dispositifs équivalents destinés à arrêter, puis à maintenir la charge ou l'appareil dans toute leurs positions, des limiteurs de charge et de moment de renversement, des dispositifs limitant les mouvements de l'appareil de levage, des câbles poulies et chaînes | C8: Semestrielle | H8: x | I8: Personne qualifiée | L8: Vérification périodique "examen de conservation" Cet examen comprend un examen visuel détaillé, complété en tant que besoin d'essais de fonctionnement
B9: Effectuer des essais de fonctionnement : des freins ou des dispositifs équivalents destinés à arrêter puis à maintenir dans toutes ses positions l'appareil, des dispositifs limitant les mouvements de l'appareil de lavage, déclencher s'ils existent les limiteurs de charg de façon à s'assurer de leur bon fonctionnement aux valeurs définies dans la notice d'instructions du fabricant | C9: Semestrielle | H9: x | I9: Personne qualifiée | L9: Pour les nacelles dont la vitesse est inférieure à 0,15m/s, la vérification est annuelle et non semestrielle, les points à vérifier sont similaires

Sheet monte_charge
B2: SOMMAIRE
B4: Monte-charge
B5: Actions a réaliser | C5: Fréquence | D5: Periode | E5: Niveau | I5: Acteurs | J5: Traçabilité | K5: Références | L5: Observations
E6: 1 | F6: 2 | G6: 3 | H6: 4
B7: Faire mouvoir l'habitacle dans ses limites de course S'assurer de l'éfficacité de fonctionnement : des dispositifs de verrouillage des protecteurs mobiles, des dispositifs contrôlant ou assurant l'arrêt et le maintien à l'arrêt de l'habitacle, du dispositif de demande de secours, des dispositifs prévus pour assurer la protection des personnes S'assurer de l'éfficacité du fonctionnement du dispositif parachute ou de l'équipement assurant une fonction semblable | C7: Annuelle | H7: x | I7: Personne qualifiée | J7: Carnet d'entretien Registre de sécurité | K7: Arrêté du 29 décembre 2010 | L7: Vérification périodique "essai de fonctionnement"
B8: Vérification du bon état de conservation de l'équipement : gaine et éléments de protection de la gaine, accès aux points d'intervention, éléments de guidage, suspentes et leurs attaches, mécanismes de levage, dispositifs assurant les réserves de sécurité lors des interventions, éléments de l'habitacle, organes de service et de signalisation, éclairage normal de secours | C8: Annuelle | H8: x | I8: Personne qualifiée | L8: Vérification périodique "examen de conservation" Cet examen consiste en un examen visuel, complété en tant que de besoin d'essais de fonctionnement

Sheet escalator_et_tapis_roulant
B2: SOMMAIRE
B4: Escalator et tapis roulant
B5: Actions a réaliser | C5: Fréquence | D5: Periode | E5: Niveau | I5: Acteurs | J5: Traçabilité | K5: Références | L5: Observations
E6: 1 | F6: 2 | G6: 3 | H6: 4
B7: Effectuer un examen de conformité | D7: Avant mise en service ou après transformation importante | H7: x | I7: Organisme agréé | J7: RVRAT | K7: Règlement de sécurité incendie ERP, art.AS10 C.trav,art.R.4242-17 | L7: Conformité avec la norme NF EN 115
B8: Nettoyer les bacs à poussière et les récupérateurs d'huile Examiner les marches, peignes, balustrades, déflecteurs, mains courantes et état des éclairages Procéder à des essais d'arrêt d'urgence Vérifier le bon fonctionnment des signaux lumineux Vérifier le système de freinage à vide | C8: 6 semaines | G8: x | I8: Technicien compétent | J8: Carnet d'entretien | L8: Maintenance des escaliers mécaniques à réaliser selon les recommandations de la norme NF EN 13015 Durée de vie 30 ans
B9: Vérifier les niveaux d'huile Procéder à l'examen des chaînes et crémaillères (tension, contrôle des jeux) | C9: Semestrielle | G9: x | I9: Technicien compétent | J9: Carnet d'entretien Registre de sécurité | K9: Règlement de sécurité incendie ERP, art.AS10 C.trav,art.R.4242-17
B10: Vérifier les installations électriques (armoir de commande…) Graisser les chaînes de marche | C10: Semestrielle, 4 mois pour les appareils en plein air | G10: x | I10: Technicien compétent | J10: Carnet d'entretien Registre de sécurité
B11: Examiner l'état de conservation des éléments de l'installation Procéder à la vérification du bon fonctionnement des dispositifs de sécurité | C11: Annuelle | G11: x | I11: Organisme agréé | J11: Carnet d'entretien Registre de sécurité | K11: Règlement de sécurité incendie ERP, art.AS10 C.trav,art.R.4242-17
B12: Démonter la moitié des marches Vérifier l'état des chaînes, du chariot de tension, des rails, des marches, des connexions éléctriques, des sécurités, des isolements, des borniers, des freins, des jeux Réaliser la vidange du réducteur de vitesse et le graissage des chaînes de marches | C12: Annuelle | G12: x | I12: Technicien compétent | J12: Carnet d'entretien
B13: Vérification quinquennale pour les gares uniquement | C13: Quiquennale | G13: x | I13: Organisme agréé | J13: Carnet d'entretien Registre de sécurité | K13: Règlement de sécurité incendie ERP, art.GA36

Sheet système_de_désenfumage_naturel
B2: SOMMAIRE
B4: Système de désenfumage naturel
B5: Actions a réaliser | C5: Fréquence | D5: Periode | E5: Niveau | I5: Acteurs | J5: Traçabilité | K5: Références | L5: Observations
E6: 1 | F6: 2 | G6: 3 | H6: 4
B7: Procéder à la vérification technique des liaisons mécaniques, pneumatiques, ou électriques et au contrôle de l'accessibilité Effectuer l'examen visuel de l'état général des dispositifs actionnés de sécurité de désenfumage (évacuation et amenée d'air, inégrité des matériels...) Faire fonctionner les dispositifs de commande et les ouvrants DENFC Contrôler l'ouverture t la fermeture des exutoires et ouvrants de façade Remplacer, pour les systèmes pneumatiques, les cartouches CO2 (APS) | C7: Annuelle | G7: x | H7: x | I7: Technicien compétent (utilisateur ou entreprise qualifiée) | J7: Rapport de vérification Registre de sécurité | K7: Règlement de sécurité incendie ERP, art.DF9 et DF 10 Arrêté du 31 janvier 1986, SI Habitation , art.101 Norme NF S 61-933 | L7: Désenfumage naturel des escaliers et circulations encloisonnés et locaux suivant l'instruction n°246 Le coffret de commande doit toujours posséder une cartouche de rechange, tant pour l'ouverture que la fermeture Pour le remplacement des cartouches, il faut vérifer le poids porté sur les cartouches utilisés et assurer le remplacement de celle-ci à l'identique
B8: Système de désenfumage naturel pour locaux
B9: Actions a réaliser | C9: Fréquence | D9: Periode | E9: Niveau | I9: Acteurs | J9: Traçabilité | K9: Références | L9: Observations
E10: 1 | F10: 2 | G10: 3 | H10: 4
B11: Effectuer la vérification technique suivant la normeNF S61-933 Examiner le dossier technique Vérifier l'adéquation de l'installation du SDN avec l'évolution du risque protégé | C11: Annuelle | H11: x | I11: Entreprise qualifiée certifiée Apsad maintenance | J11: Compte-rendu de maintenance et de vérification de fonctionnement Registre de sécurité | L11: Référentiel APSAD R17 : compte-rendu de vérification périodique Q17
B12: Toute évolution ou modification significative de l'installation doit faire l'objet d'une vérification de conformité Le dossier technique du SDN doit être mis à jour en conséquence et une nouvelle déclaration d'installation doit être établie | H12: x | I12: Entreprise qualifiée certifiée Apsad maintenance | J12: Dossier technique Registre de sécurité | L12: Référentiel APSAD R17 : déclaration de conformité au référentiel APSAD R17-N17 ou déclaration d'installation

Sheet système_désenfumage_mécanique
B2: SOMMAIRE
B4: Système de désenfumage mécanique
B5: Actions a réaliser | C5: Fréquence | D5: Periode | E5: Niveau | I5: Acteurs | J5: Traçabilité | K5: Références | L5: Observations
E6: 1 | F6: 2 | G6: 3 | H6: 4
B7: Procéder à la vérification technique sur la base de la vérification annuelle; elle est associée au contrôle triennal des SSI de cat.A ou B Effectuer l'examen des rapports de vérification et des opérations de maintenance, du dossier technique S'assurer de l'adéquation de l'installation avec la réglementation applicable | C7: 3 ans | H7: x | I7: Organisme agrée par le ministère de l'intérieur | J7: RVRE Registre de sécurité | K7: Règlement de sécurité incendie ERP,art.DF9 Instruction technique n°246
B8: Mesures
B9: Actions a réaliser | C9: Fréquence | D9: Periode | E9: Niveau | I9: Acteurs | J9: Traçabilité | K9: Références | L9: Observations
E10: 1 | F10: 2 | G10: 3 | H10: 4
B11: Effectuer des mesures du débit et de la vitesse de soufflage et d'extraction Mesurer la différence de pression entre la circulation désenfumée et l'escalier encloisonné | C11: Annuelle | H11: x | I11: Technicien compétent | J11: Rapport de vérification Registre de sécurité | K11: Règlement de sécurité incendie ERP,art.DF9 Instruction technique n°246 | L11: Les mesures de pression, de débit et de vitesse sont définies dans l'instruction technique n°246
B12: Porte et clapet
B13: Actions a réaliser | C13: Fréquence | D13: Periode | E13: Niveau | I13: Acteurs | J13: Traçabilité | K13: Références | L13: Observations
E14: 1 | F14: 2 | G14: 3 | H14: 4
B15: Tester la fonction compartimentage associée au désenfumage de la zone concernée, l'arrêt de la ventilation confort, la fermeture des portes coupe-feu et des clapets coupe-feu | C15: Annuelle | H15: x | I15: Technicien compétent | J15: Rapport de vérification Registre de sécurité | K15: Règlement de sécurité incendie ERP,art.DF9 Arrêté du 31 janvier 1986, SI habitation, art.101
B16: Equipement de désenfumage commandé
B17: Actions a réaliser | C17: Fréquence | D17: Periode | E17: Niveau | I17: Acteurs | J17: Traçabilité | K17: Références | L17: Observations
E18: 1 | F18: 2 | G18: 3 | H18: 4
B19: Vérifier le fonctionnment des dispositifs télécommandés, ouverture des volets AA (amené d'air) et EF (évacuation des fumées), les ventilateurs d'extraction et de soufflage via les coffrets de relayage Réaliser un examen et essai des "commandes arrêt pompiers" | C19: Annuelle | H19: x | I19: Technicien compétent | J19: Rapport de vérification Registre de sécurité | K19: Règlement de sécurité incendie ERP,art.DF9 Arrêté du 31 janvier 1986, SI habitation, art.101 | L19: L'amenée d'air peut être naturelle et l'extraction des fumées mécaniques
B20: Dispositif de commande
B21: Actions a réaliser | C21: Fréquence | D21: Periode | E21: Niveau | I21: Acteurs | J21: Traçabilité | K21: Références | L21: Observations
E22: 1 | F22: 2 | G22: 3 | H22: 4
B23: Vérifier le fonctionnement des commandes manuelles et automatiques (SSI cat A) | C23: Annuelle | H23: x | I23: Technicien compétent | J23: Rapport de vérification Registre de sécurité | K23: Règlement de sécurité incendie ERP,art.DF9 Arrêté du 31 janvier 1986, SI habitation, art.101

Sheet BAES
B2: SOMMAIRE
B4: Eclairage de sécurité par blocs autonomes
B5: Actions a réaliser | C5: Fréquence | D5: Periode | E5: Niveau | I5: Acteurs | J5: Traçabilité | K5: Références | L5: Observations
E6: 1 | F6: 2 | G6: 3 | H6: 4
B7: Vérifier le passage à l'état de fonctionnement en procédant à la coupure de l'laimentation des BAES Pour les BAES à peroformance SATI, vérifier uniquement l'allumage du voyant vert Contrôler l'allumage des lampes, puis rétablir l'alimentation des BAES | C7: Mensuelle | F7: x | I7: Technicien compétent | J7: Carnet d'entretien | K7: Règlement de sécurité incendie ERP, art.EC15 et art.EL19 C.trav;art.R.4226-7 Norme NC 71-830 | L7: Tout constat d'anomalie doit faire l'objet d'une intervention par une personne qualifiée Pour les BAES à performance SATI gérés de façon centralisée, le contrôle se fait au niveau du dispositif central
B8: Vérifier l'autonomie d'éclairage de chaque BAES pendant une coupure d'une heure de l'alimentation secteur BAES Pour les BAES à performance SATI, vérifier uniquement l'allumage du voyant vert | C8: Semestrielle | F8: x | I8: Technicien compétent | J8: Carnet d'entretien | K8: Règlement de sécurité incendie ERP, art.EC15 et art.EL19 C.trav;art.R.4226-7 Norme NC 71-830
B9: Toutes les actions de la vérification semestrielle à laquelle s'ajoutent : le contrôle des accumulateurs, le nettoyage interne et externe du BAES, le remplacement si besoin des étiquettes de signalisation Si le bloc présente des défectuosités, procéder au remplacement des pièces deffectueuses et si nécessaire à toute intervention de remise en état et ou remplacement du BAES | C9: Annuelle | H9: x | I9: Technicien compétent (personne ou entreprise qualifiée) | J9: Carnet d'entretien Registre de sécurité | K9: Règlement de sécurité incendie ERP, art.EC15 et art.EL19 C.trav;art.R.4226-7 Norme NC 71-830 | L9: Les opérations de maintenane doivent figurer sur une étiquette posée sur chauque BAES Etablir un rapport de visite détaillé

Sheet extincteur_portatif_mobile
B2: SOMMAIRE
B4: Extincteur portatif et mobile pour tout type d'appareil
B5: Actions a réaliser | C5: Fréquence | D5: Periode | E5: Niveau | I5: Acteurs | J5: Traçabilité | K5: Références | L5: Observations
E6: 1 | F6: 2 | G6: 3 | H6: 4
B7: Vérifier l'emplacement (à l'endroit indiqué) Vérifier l'accessibilité et la visibilité Vérifier l'état (absence de dommage, présence des scellés et du dispositif de verrouillage) En cas de défaut constaté, prévoir la maintenance corrective par l'entreprise qualifiée | C7: Inspection trimestrielle | F7: x | I7: Technicien compétent (utilisateur) | J7: Carnet d'entretien Registre de sécurité | K7: Norme NF S 61-919 | L7: Inspection de l'installation pour chaque extincteur
B8: Vérification suivant l'annexe B (procédures de maintenance ) de la norme NF S 61-919, selon le type d'extincteur Vérification des dispositifs de commande, de la lance et du diffuseur Le remplacement de la goupille et la fixation du scellé Remplir l'étiquette d'entretien et le remplacer sur son support ou à l'emplacement réservé pour les extincteurs mobiles (à roue) | C8: Maintenance préventive annuelle | G8: x | H8: x | I8: Technicien compétent (entreprise qualifiée) | J8: Rapport de vérification Rgistre de sécurité | K8: Règlement sécurité incendie ERP, art.MS 73 Norme NF S 61-919 | L8: Inspection de maintenance préventive à laquelle s'ajoutent les actions de l'inspection trimestrielle en plus Les extincteurs sont maintenus en service en faisant l'objet d'une maintenance corrective ou ils sont réformés et mis au rebut

Sheet extincteur_pression_auxiliaire
B2: SOMMAIRE
B4: Extincteur à pression auxiliaire : eau, mousse et poudre
B5: Actions a réaliser | C5: Fréquence | D5: Periode | E5: Niveau | I5: Acteurs | J5: Traçabilité | K5: Références | L5: Observations
E6: 1 | F6: 2 | G6: 3 | H6: 4
B7: Vérification par pesée de la cartouche CO2 et si besoin la remplacer (poids, insufisant, corrosion) L'examen de l'agent extincteur, si défectuosité, assurer le remplacement Le contrôle de l'état intérieur de l'extincteur (corrosion) Le remplacement des joints d'étanchéité | C7: Maintenance préventive annuelle | G7: x | H7: x | I7: Technicien compétent (entreprise qualifiée) | J7: Rapport de vérification Rgistre de sécurité | K7: Règlement sécurité incendie ERP, art.MS 73 Norme NF S 61-919 | L7: Inspection de maintenance préventive à laquelle s'ajoutent les actions de l'inspection trimestrielle pour tout type d'appareil en plus
B8: La vidange des extincteurs Le renouvellemnt de ma charge si nécessaire et suivant les instructions du fabricant L'examen détaillé de l'état de l'ensemble de l'extincteur | C8: Maintenance préventive quiquennale | H8: x | I8: Technicien compétent (entreprise qualifiée) | J8: Rapport de vérification Rgistre de sécurité | K8: Norme NF S 61-919 | L8: Inspection de maintenance préventive quiquennale à laquelle s'ajoutent les actions de la maintenance préventive annuelle en plus
B9: Le démontage complet de tous les éléments de l'extincteur ou la révision en atelier : soumettre le réservoir, la tête et la lance à la pression d'essai indiquée sur le corps, remplacer les pièces défectueuses, recharger l'extincteur, fixer le scellé et remplir l'étiquette d'entretien | C9: Révision décennale | H9: x | I9: Technicien compétent (entreprise qualifiée) | J9: Rapport de vérification Rgistre de sécurité | K9: Norme NF S 61-919 | L9: Révisons décennale à laquelle s'ajoutent les actions de la maintenance préventive quiquennale en plus La durée de vie d'un extincteur est limitée à 20 ans

Sheet extincteur_pression_permanente
B2: SOMMAIRE
B4: Extincteur à pression permanente : eau, poudre
B5: Actions a réaliser | C5: Fréquence | D5: Periode | E5: Niveau | I5: Acteurs | J5: Traçabilité | K5: Références | L5: Observations
E6: 1 | F6: 2 | G6: 3 | H6: 4

Sheet réf_entreprises_contrats
B2: PROGRAMMATION DE LA MAINTENANCE
B4: Nom de l'affaire : | H4: Maitre d'ouvrage :
A5: SUIVI DES ENTREPRISES, CONTRATS ET PLANNINGS
B7: SOMMAIRE
B8: SUIVI DES COUTS
B10: Tâches | C10: Entreprises | D10: employées/ personnes a contacter | E10: coordonnées | F10: contrat | G10: planning interventions | I10: autres documents
B11: Entanchéité des toitures terrasses | C11: COUVREST S.A | D11: Damien LETTIERI | F11: contrat de maintenance\CONTRAT ENTRETIEN - TOIT. TERRASSES. - TYPE.pdf | I11: contrat de maintenance\Notice d'entretien d'une étanchéité bicouche élastomère.pdf

Sheet estimation
B2: PROGRAMMATION DE LA MAINTENANCE
B4: Nom de l'affaire : | J4: Maitre d'ouvrage :
A5: ESTIMATION DES COUTS OPERATIONS DE MAINTENANCE
B6: ESTIMATION
B8: SOMMAIRE

Sheet suivi_des_couts
B2: PROGRAMMATION DE LA MAINTENANCE
B4: Nom de l'affaire : | F4: Maitre d'ouvrage :
A5: ESTIMATION DES COUTS OPERATIONS DE MAINTENANCE
B6: SUIVI DES COUTS
B8: SOMMAIRE
B9: CONTRATS
B11: Taches | C11: Entreprise | D11: Montant du contrat (interventions de maintenance courantes et preventives) | E11: Dépense interventions de maintenance | F11: Autres dépenses | G11: Ratio

Sheet Feuil1
